Workbook

Sheet Versione&Data
A3: =_xll.ohVersion() -> 1.5.0 | B3: versione
A4: =_xll.qlSettingsSetEvaluationDate(A5) -> TRUE
A5: =DATE(2015,8,17) -> 42233 | B5: data di analisi

Sheet Step_1_CreareIndice_EONIA
A1: qlEonia | C1: =_xll.qlEonia(C20,C21,C22,C23,C24) -> EONIA!#0014
A3: string returnValue
A4: qlEonia(
A5: string ObjectId
A6: string YieldCurve
A7: bool Permanent
A8: any Trigger
A9: bool Overwrite)
A11: Description:
A13: Construct an object of class Eonia and return its id
A15: Supported Platforms:
A17: C++, Calc, Excel
A19: Parameters | C19: Esempio Parametro
A20: ObjectId | B20: id of object to be created | C20: EONIA!
A21: YieldCurve | B21: forecasting YieldTermStructure object ID. Default value = .
A22: Permanent | B22: object permanent/nonpermanent
A23: Trigger | B23: dependency tracking trigger
A24: Overwrite | B24: overwrite flag

Sheet Step_2_SettingCurva
A1: data di estrazione | B1: =DATE(2015,8,17) -> 42233
A2: Input Time Bucket | B2: Description | C2: Term | D2: Mat. Date | E2: Spot % | F2: Shock % | G2: Input I. Rate % | H2: Bid % | I2: Ask % | J2: Start Date | K2: Rate Type | L2: Capitalisation | M2: Day Count | N2: Daily Interpolation | O2: Mkt Price Source Detail | P2: Price Time | Q2: Daily IP Code | R2: Daily Ask Price Type | S2: Daily Bid Price Type | T2: Daily IP | U2: Closing Interpolation | V2: Closing IP Code | W2: Closing Ask Price Type | X2: Closing Bid Price Type | Y2: Closing IP | Z2: I. Rate Freq. | AB2: GG partenza | AD2: Calendario
A3: OVN | B3: OVN | C3: 0.003 | D3: 42234 | E3: -0.20000056 | F3: 0 | G3: -0.2 | H3: -0.25 | I3: -0.15 | J3: 42233 | K3: Spot | L3: Simple | M3: act/360 | N3: 0 | O3: Provider | P3: 42233.209 | Q3: /BSYM/ICPL/EUDR1T | R3: Last Ask | S3: Last Bid | T3: Bloomberg | U3: 0 | W3: -- None -- | X3: -- None -- | Y3: Bloomberg | Z3: 1 | AB3: 0 | AD3: TARGET
A4: TN | B4: TN | C4: 0.003 | D4: 42235 | E4: -0.20000056 | F4: 0 | G4: -0.2 | H4: -0.25 | I4: -0.15 | J4: 42234 | K4: Spot | L4: Simple | M4: act/360 | N4: 0 | O4: Provider | P4: 42233.209 | Q4: /BSYM/ICPL/EUDR2T | R4: Last Ask | S4: Last Bid | T4: Bloomberg | U4: 0 | W4: -- None -- | X4: -- None -- | Y4: Bloomberg | Z4: 1 | AB4: 1
A5: SN | B5: SN | C5: 0.003 | D5: 42236 | E5: -0.1700004 | F5: 0 | G5: -0.17 | H5: -0.25 | I5: -0.09 | J5: 42235 | K5: Spot | L5: Simple | M5: act/360 | N5: 0 | O5: Provider | P5: 42233.416 | Q5: /BSYM/CMPL/EUDR3T | R5: Last Ask | S5: Last Bid | T5: Bloomberg | U5: 0 | W5: -- None -- | X5: -- None -- | Y5: Bloomberg | Z5: 1 | AB5: 2
A6: 1W | B6: 1 Week | C6: 0.019 | D6: 42242 | E6: -0.12600154 | F6: 0 | G6: -0.126 | H6: -0.176 | I6: -0.076 | J6: 42235 | K6: Spot | L6: Simple | M6: act/360 | N6: 0 | O6: Provider | P6: 42233.209 | Q6: /BSYM/ICPL/EUSWE1Z | R6: Last Ask | S6: Last Bid | T6: Bloomberg | U6: 0 | W6: -- None -- | X6: -- None -- | Y6: Bloomberg | Z6: 1 | AB6: 2
A7: 2W | B7: 2 Weeks | C7: 0.039 | D7: 42249 | E7: -0.12500304 | F7: 0 | G7: -0.125 | H7: -0.175 | I7: -0.075 | J7: 42235 | K7: Spot | L7: Simple | M7: act/360 | N7: 0 | O7: Provider | P7: 42233.209 | Q7: /BSYM/ICPL/EUSWE2Z | R7: Last Ask | S7: Last Bid | T7: Bloomberg | U7: 0 | W7: -- None -- | X7: -- None -- | Y7: Bloomberg | Z7: 1 | AB7: 2
A8: 3W | B8: 3 Weeks | C8: 0.058 | D8: 42256 | E8: -0.12600463 | F8: 0 | G8: -0.126 | H8: -0.176 | I8: -0.076 | J8: 42235 | K8: Spot | L8: Simple | M8: act/360 | N8: 0 | O8: Provider | P8: 42233.209 | Q8: /BSYM/ICPL/EUSWE3Z | R8: Last Ask | S8: Last Bid | T8: Bloomberg | U8: 0 | W8: -- None -- | X8: -- None -- | Y8: Bloomberg | Z8: 1 | AB8: 2
A9: 1M | B9: 1 Month | C9: 0.092 | D9: 42268 | E9: -0.12800751 | F9: 0 | G9: -0.128 | H9: -0.153 | I9: -0.103 | J9: 42235 | K9: Spot | L9: Simple | M9: act/360 | N9: 0 | O9: Provider | P9: 42233.25 | Q9: /BSYM/ICPL/EUSWEA | R9: Last Ask | S9: Last Bid | T9: Bloomberg | U9: 0 | W9: -- None -- | X9: -- None -- | Y9: Bloomberg | Z9: 1 | AB9: 2
A10: 2M | B10: 2 Months | C10: 0.169 | D10: 42296 | E10: -0.12801388 | F10: 0 | G10: -0.128 | H10: -0.153 | I10: -0.103 | J10: 42235 | K10: Spot | L10: Simple | M10: act/360 | N10: 0 | O10: Provider | P10: 42233.209 | Q10: /BSYM/ICPL/EUSWEB | R10: Last Ask | S10: Last Bid | T10: Bloomberg | U10: 0 | W10: -- None -- | X10: -- None -- | Y10: Bloomberg | Z10: 1 | AB10: 2
A11: 3M | B11: 3 Months | C11: 0.256 | D11: 42327 | E11: -0.1300216 | F11: 0 | G11: -0.13 | H11: -0.155 | I11: -0.105 | J11: 42235 | K11: Spot | L11: Simple | M11: act/360 | N11: 0 | O11: Provider | P11: 42233.209 | Q11: /BSYM/ICPL/EUSWEC | R11: Last Ask | S11: Last Bid | T11: Bloomberg | U11: 0 | W11: -- None -- | X11: -- None -- | Y11: Bloomberg | Z11: 1 | AB11: 2
A12: 4M | B12: 4 Months | C12: 0.344 | D12: 42359 | E12: -0.13303047 | F12: 0 | G12: -0.133 | H12: -0.158 | I12: -0.108 | J12: 42235 | K12: Spot | L12: Simple | M12: act/360 | N12: 0 | O12: Provider | P12: 42233.25 | Q12: /BSYM/ICPL/EUSWED | R12: Last Ask | S12: Last Bid | T12: Bloomberg | U12: 0 | W12: -- None -- | X12: -- None -- | Y12: Bloomberg | Z12: 1 | AB12: 2
A13: 5M | B13: 5 Months | C13: 0.425 | D13: 42388 | E13: -0.13203704 | F13: 0 | G13: -0.132 | H13: -0.157 | I13: -0.107 | J13: 42235 | K13: Spot | L13: Simple | M13: act/360 | N13: 0 | O13: Provider | P13: 42233.392 | Q13: /BSYM/ICPL/EUSWEE | R13: Last Ask | S13: Last Bid | T13: Bloomberg | U13: 0 | W13: -- None -- | X13: -- None -- | Y13: Bloomberg | Z13: 1 | AB13: 2
A14: 6M | B14: 6 Months | C14: 0.511 | D14: 42419 | E14: -0.13404591 | F14: 0 | G14: -0.134 | H14: -0.159 | I14: -0.109 | J14: 42235 | K14: Spot | L14: Simple | M14: act/360 | N14: 0 | O14: Provider | P14: 42233.327 | Q14: /BSYM/ICPL/EUSWEF | R14: Last Ask | S14: Last Bid | T14: Bloomberg | U14: 0 | W14: -- None -- | X14: -- None -- | Y14: Bloomberg | Z14: 1 | AB14: 2
A15: 7M | B15: 7 Months | C15: 0.597 | D15: 42450 | E15: -0.13605526 | F15: 0 | G15: -0.136 | H15: -0.161 | I15: -0.111 | J15: 42235 | K15: Spot | L15: Simple | M15: act/360 | N15: 0 | O15: Provider | P15: 42233.376 | Q15: /BSYM/ICPL/EUSWEG | R15: Last Ask | S15: Last Bid | T15: Bloomberg | U15: 0 | W15: -- None -- | X15: -- None -- | Y15: Bloomberg | Z15: 1 | AB15: 2
... A41: 60Y | B41: 60 Years | C41: 60.875 | D41: 64150 | E41: 1.3446111 | F41: 0 | G41: 1.334 | H41: 1.299 | I41: 1.369 | J41: 42235 | K41: Yield | L41: Simple | M41: act/360 | N41: 0 | O41: Provider | P41: 42233.415 | Q41: /BSYM/ICPL/EUSWE60 | R41: Last Ask | S41: Last Bid | T41: Bloomberg | U41: 0 | W41: -- None -- | X41: -- None -- | Y41: Bloomberg | Z41: 1 | AB41: 2

Sheet Stepx_ControllareRisultati
A1: Description | B1: Term | C1: Mat. Date | D1: Start Date | E1: Discount Factor | F1: Spot Simple % | G1: Spot Compound % | H1: Yield Simple % | I1: Yield Compound % | J1: I. Rate Freq. | K1: 2nd Leg I. Rate Freq. | L1: Shock % | M1: Shocked Input Rate % | N1: Input I. Rate % | O1: Rate Type | P1: Capitalisation | Q1: Day Count
A2: OVN | B2: 0.003 | C2: 42228 | D2: 42227 | E2: 1.0000056 | F2: -0.2 | G2: -0.19980069 | H2: -0.2 | I2: -0.199801 | J2: 1Y | L2: 0 | M2: -0.2 | N2: -0.2 | O2: Spot | P2: Simple | Q2: act/360
A3: TN | B3: 0.003 | C3: 42229 | D3: 42228 | E3: 1.0000056 | F3: -0.2 | G3: -0.19980069 | H3: -0.2 | I3: -0.199801 | J3: 1Y | L3: 0 | M3: -0.2 | N3: -0.2 | O3: Spot | P3: Simple | Q3: act/360
A4: SN | B4: 0.003 | C4: 42230 | D4: 42229 | E4: 1.0000051 | F4: -0.185 | G4: -0.18482946 | H4: -0.185 | I4: -0.184829 | J4: 1Y | L4: 0 | M4: -0.185 | N4: -0.185 | O4: Spot | P4: Simple | Q4: act/360
A5: 1 Week | B5: 0.019 | C5: 42236 | D5: 42229 | E5: 1.0000241 | F5: -0.124 | G5: -0.12392464 | H5: -0.124 | I5: -0.123925 | J5: 1Y | L5: 0 | M5: -0.124 | N5: -0.124 | O5: Spot | P5: Simple | Q5: act/360
A6: 2 Weeks | B6: 0.039 | C6: 42243 | D6: 42229 | E6: 1.0000482 | F6: -0.124 | G6: -0.12392614 | H6: -0.124 | I6: -0.123926 | J6: 1Y | L6: 0 | M6: -0.124 | N6: -0.124 | O6: Spot | P6: Simple | Q6: act/360
A7: 3 Weeks | B7: 0.058 | C7: 42250 | D7: 42229 | E7: 1.0000718 | F7: -0.123 | G7: -0.12292879 | H7: -0.123 | I7: -0.122929 | J7: 1Y | L7: 0 | M7: -0.123 | N7: -0.123 | O7: Spot | P7: Simple | Q7: act/360
A8: 1 Month | B8: 0.089 | C8: 42261 | D8: 42229 | E8: 1.0001102 | F8: -0.124 | G8: -0.12392998 | H8: -0.124 | I8: -0.12393 | J8: 1Y | L8: 0 | M8: -0.124 | N8: -0.124 | O8: Spot | P8: Simple | Q8: act/360
A9: 2 Months | B9: 0.169 | C9: 42290 | D9: 42229 | E9: 1.0002102 | F9: -0.124 | G9: -0.12393617 | H9: -0.124 | I9: -0.123936 | J9: 1Y | L9: 0 | M9: -0.124 | N9: -0.124 | O9: Spot | P9: Simple | Q9: act/360
A10: 3 Months | B10: 0.256 | C10: 42321 | D10: 42229 | E10: 1.0003195 | F10: -0.125 | G10: -0.12494185 | H10: -0.125 | I10: -0.124942 | J10: 1Y | L10: 0 | M10: -0.125 | N10: -0.125 | O10: Spot | P10: Simple | Q10: act/360
A11: 4 Months | B11: 0.342 | C11: 42352 | D11: 42229 | E11: 1.0004341 | F11: -0.127 | G11: -0.12694692 | H11: -0.127 | I11: -0.126947 | J11: 1Y | L11: 0 | M11: -0.127 | N11: -0.127 | O11: Spot | P11: Simple | Q11: act/360
A12: 5 Months | B12: 0.425 | C12: 42382 | D12: 42229 | E12: 1.0005358 | F12: -0.126 | G12: -0.12595436 | H12: -0.126 | I12: -0.125954 | J12: 1Y | L12: 0 | M12: -0.126 | N12: -0.126 | O12: Spot | P12: Simple | Q12: act/360
A13: 6 Months | B13: 0.517 | C13: 42415 | D13: 42229 | E13: 1.0006721 | F13: -0.13 | G13: -0.12995916 | H13: -0.13 | I13: -0.129959 | J13: 1Y | L13: 0 | M13: -0.13 | N13: -0.13 | O13: Spot | P13: Simple | Q13: act/360
... A19: 1 Year | B19: 1.022 | C19: 42597 | D19: 42229 | E19: 1.0013922 | F19: -0.136 | G19: -0.13600206 | H19: -0.136 | I19: -0.136002 | J19: 1Y | L19: 0 | M19: -0.136 | N19: -0.136 | O19: Spot | P19: Simple | Q19: act/360
A20: 15 Months | B20: 1.275 | C20: 42688 | D20: 42229 | E20: 1.0017493 | F20: -0.13696084 | G20: -0.13698665 | H20: -0.137 | I20: -0.136988 | J20: 1Y | K20: 1Y | L20: 0 | M20: -0.137 | N20: -0.137 | O20: Yield | P20: Simple | Q20: act/360
A21: 18 Months | B21: 1.528 | C21: 42779 | D21: 42229 | E21: 1.0020811 | F21: -0.13593743 | G21: -0.13598624 | H21: -0.136 | I21: -0.135987 | J21: 1Y | K21: 1Y | L21: 0 | M21: -0.136 | N21: -0.136 | O21: Yield | P21: Simple | Q21: act/360
A22: 21 Months | B22: 1.781 | C22: 42870 | D22: 42229 | E22: 1.0023367 | F22: -0.13092913 | G22: -0.13099611 | H22: -0.131 | I22: -0.130993 | J22: 1Y | K22: 1Y | L22: 0 | M22: -0.131 | N22: -0.131 | O22: Yield | P22: Simple | Q22: act/360
A23: 2 Years | B23: 2.033 | C23: 42961 | D23: 42229 | E23: 1.0025059 | F23: -0.12293131 | G23: -0.12300948 | H23: -0.123 | I23: -0.123002 | J23: 1Y | K23: 1Y | L23: 0 | M23: -0.123 | N23: -0.123 | O23: Yield | P23: Simple | Q23: act/360
A24: 3 Years | B24: 3.044 | C24: 43325 | D24: 42229 | E24: 1.0020743 | F24: -0.067994182 | G24: -0.068041496 | H24: -0.068 | I24: -0.068 | J24: 1Y | K24: 1Y | L24: 0 | M24: -0.068 | N24: -0.068 | O24: Yield | P24: Simple | Q24: act/360
A25: 4 Years | B25: 4.058 | C25: 43690 | D25: 42229 | E25: 0.99898416 | F25: 0.025056403 | G25: 0.025046809 | H25: 0.025 | I25: 0.025 | J25: 1Y | K25: 1Y | L25: 0 | M25: 0.025 | N25: 0.025 | O25: Yield | P25: Simple | Q25: act/360
A26: 5 Years | B26: 5.075 | C26: 44056 | D26: 42229 | E26: 0.99294873 | F26: 0.13992793 | G26: 0.13953069 | H26: 0.139 | I26: 0.138998 | J26: 1Y | K26: 1Y | L26: 0 | M26: 0.139 | N26: 0.139 | O26: Yield | P26: Simple | Q26: act/360
A27: 6 Years | B27: 6.089 | C27: 44421 | D27: 42229 | E27: 0.98373173 | F27: 0.27159805 | G27: 0.2697399 | H27: 0.268 | I27: 0.267994 | J27: 1Y | K27: 1Y | L27: 0 | M27: 0.268 | N27: 0.268 | O27: Yield | P27: Simple | Q27: act/360
A28: 7 Years | B28: 7.108 | C28: 44788 | D28: 42229 | E28: 0.9714048 | F28: 0.41411896 | G28: 0.40897483 | H28: 0.405 | I28: 0.404985 | J28: 1Y | K28: 1Y | L28: 0 | M28: 0.405 | N28: 0.405 | O28: Yield | P28: Simple | Q28: act/360
A29: 8 Years | B29: 8.119 | C29: 45152 | D29: 42229 | E29: 0.95720869 | F29: 0.55058275 | G29: 0.54008417 | H29: 0.533 | I29: 0.532974 | J29: 1Y | K29: 1Y | L29: 0 | M29: 0.533 | N29: 0.533 | O29: Yield | P29: Simple | Q29: act/360
A30: 9 Years | B30: 9.133 | C30: 45517 | D30: 42229 | E30: 0.94125305 | F30: 0.68336007 | G30: 0.6650843 | H30: 0.654006 | I30: 0.653966 | J30: 1Y | K30: 1Y | L30: 0 | M30: 0.654 | N30: 0.654 | O30: Yield | P30: Simple | Q30: act/360
A31: 10 Years | B31: 10.147 | C31: 45882 | D31: 42229 | E31: 0.92440988 | F31: 0.80584823 | G31: 0.77760107 | H31: 0.762 | I31: 0.761947 | J31: 1Y | K31: 1Y | L31: 0 | M31: 0.762 | N31: 0.762 | O31: Yield | P31: Simple | Q31: act/360
... A33: 12 Years | B33: 12.175 | C33: 46612 | D33: 42229 | E33: 0.88916532 | F33: 1.0238214 | G33: 0.96953309 | H33: 0.943998 | I33: 0.94392 | J33: 1Y | K33: 1Y | L33: 0 | M33: 0.944 | N33: 0.944 | O33: Yield | P33: Simple | Q33: act/360
A34: 13 Years * | B34: 13.194 | C34: 46979 | D34: 42229 | E34: 0.87268877 | F34: 1.1056463 | G34: 1.0374172 | H34: 1.007954 | I34: 1.007865
A35: 14 Years * | B35: 14.206 | C35: 47343 | D35: 42229 | E35: 0.85541 | F35: 1.189887 | G35: 1.105455 | H35: 1.071391 | I35: 1.071291
A36: 15 Years | B36: 15.219 | C36: 47708 | D36: 42229 | E36: 0.83719158 | F36: 1.2777715 | G36: 1.1744438 | H36: 1.134999 | I36: 1.134888 | J36: 1Y | K36: 1Y | L36: 0 | M36: 1.135 | N36: 1.135 | O36: Yield | P36: Simple | Q36: act/360
A37: 16 Years * | B37: 16.233 | C37: 48073 | D37: 42229 | E37: 0.82262793 | F37: 1.3282324 | G37: 1.2100424 | H37: 1.168578 | I37: 1.168462
A38: 17 Years * | B38: 17.25 | C38: 48439 | D38: 42229 | E38: 0.80764502 | F38: 1.3806824 | G38: 1.2461507 | H38: 1.202253 | I38: 1.20213
A39: 18 Years * | B39: 18.269 | C39: 48806 | D39: 42229 | E39: 0.79225979 | F39: 1.4352502 | G39: 1.2827776 | H39: 1.23602 | I39: 1.235889
A40: 19 Years * | B40: 19.281 | C40: 49170 | D40: 42229 | E40: 0.77666177 | F40: 1.4914599 | G40: 1.3195379 | H40: 1.269507 | I40: 1.269367
A41: 20 Years | B41: 20.292 | C41: 49534 | D41: 42229 | E41: 0.76074745 | F41: 1.549881 | G41: 1.3567378 | H41: 1.302998 | I41: 1.302851 | J41: 1Y | K41: 1Y | L41: 0 | M41: 1.303 | N41: 1.303 | O41: Yield | P41: Simple | Q41: act/360
A42: 21 Years * | B42: 21.308 | C42: 49900 | D42: 42229 | E42: 0.74864643 | F42: 1.5756466 | G42: 1.3678397 | H42: 1.314417 | I42: 1.314268
A43: 22 Years * | B43: 22.322 | C43: 50265 | D43: 42229 | E43: 0.73656772 | F43: 1.6022079 | G43: 1.3791534 | H43: 1.325801 | I43: 1.325651
A44: 23 Years * | B44: 23.336 | C44: 50630 | D44: 42229 | E44: 0.72448278 | F44: 1.629642 | G44: 1.390691 | H44: 1.337193 | I44: 1.33704
A45: 24 Years * | B45: 24.356 | C45: 50997 | D45: 42229 | E45: 0.71233003 | F45: 1.6581172 | G45: 1.4025021 | H45: 1.348639 | I45: 1.348483
A46: 25 Years | B46: 25.367 | C46: 51361 | D46: 42229 | E46: 0.70027809 | F46: 1.6872699 | G46: 1.4144211 | H46: 1.359999 | I46: 1.359839 | J46: 1Y | K46: 1Y | L46: 0 | M46: 1.36 | N46: 1.36 | O46: Yield | P46: Simple | Q46: act/360
A47: 26 Years * | B47: 26.381 | C47: 51726 | D47: 42229 | E47: 0.68949876 | F47: 1.7070487 | G47: 1.4193128 | H47: 1.365593 | I47: 1.365433
A48: 27 Years * | B48: 27.394 | C48: 52091 | D48: 42229 | E48: 0.6787901 | F48: 1.7273921 | G48: 1.4243622 | H48: 1.371184 | I48: 1.371024
A49: 28 Years * | B49: 28.408 | C49: 52456 | D49: 42229 | E49: 0.66815293 | F49: 1.7483016 | G49: 1.4295581 | H49: 1.376781 | I49: 1.37662
A50: 29 Years * | B50: 29.431 | C50: 52824 | D50: 42229 | E50: 0.65750211 | F50: 1.7699552 | G50: 1.4349323 | H50: 1.382424 | I50: 1.382261
A51: 30 Years | B51: 30.442 | C51: 53188 | D51: 42229 | E51: 0.64703932 | F51: 1.7919555 | G51: 1.4403813 | H51: 1.387996 | I51: 1.387829 | J51: 1Y | K51: 1Y | L51: 0 | M51: 1.388 | N51: 1.388 | O51: Yield | P51: Simple | Q51: act/360
A52: 31 Years * | B52: 31.453 | C52: 53552 | D52: 42229 | E52: 0.6371358 | F52: 1.8107275 | G52: 1.4434913 | H52: 1.391686 | I52: 1.391519
A53: 32 Years * | B53: 32.467 | C53: 53917 | D53: 42229 | E53: 0.62729655 | F53: 1.8300073 | G53: 1.446718 | H53: 1.395386 | I53: 1.395219
A54: 33 Years * | B54: 33.483 | C54: 54283 | D54: 42229 | E54: 0.61752212 | F54: 1.8498014 | G54: 1.4500555 | H54: 1.399096 | I54: 1.398928
A55: 34 Years * | B55: 34.497 | C55: 54648 | D55: 42229 | E55: 0.60786537 | F55: 1.8700089 | G55: 1.4534819 | H55: 1.402795 | I55: 1.402627
A56: 35 Years * | B56: 35.517 | C56: 55015 | D56: 42229 | E56: 0.59824764 | F56: 1.8907985 | G56: 1.4570179 | H56: 1.406515 | I56: 1.406345
A57: 36 Years * | B57: 36.528 | C57: 55379 | D57: 42229 | E57: 0.58879845 | F57: 1.9118985 | G57: 1.4606151 | H57: 1.410204 | I57: 1.410032
A58: 37 Years * | B58: 37.542 | C58: 55744 | D58: 42229 | E58: 0.57941373 | F58: 1.9335382 | G58: 1.4643049 | H58: 1.413902 | I58: 1.41373
A59: 38 Years * | B59: 38.556 | C59: 56109 | D59: 42229 | E59: 0.57011914 | F59: 1.9556697 | G59: 1.4680751 | H59: 1.417601 | I59: 1.417428
A60: 39 Years * | B60: 39.569 | C60: 56474 | D60: 42229 | E60: 0.56091444 | F60: 1.978302 | G60: 1.4719231 | H60: 1.4213 | I60: 1.421127
A61: 40 Years | B61: 40.583 | C61: 56839 | D61: 42229 | E61: 0.55179935 | F61: 2.0014447 | G61: 1.4758461 | H61: 1.424998 | I61: 1.424825 | J61: 1Y | K61: 1Y | L61: 0 | M61: 1.425 | N61: 1.425 | O61: Yield | P61: Simple | Q61: act/360
A62: 41 Years * | B62: 41.603 | C62: 57206 | D62: 42229 | E62: 0.54465881 | F62: 2.0095096 | G62: 1.4711861 | H62: 1.422586 | I62: 1.422413
A63: 42 Years * | B63: 42.614 | C63: 57570 | D63: 42229 | E63: 0.53770297 | F63: 2.0175648 | G63: 1.4666293 | H63: 1.420195 | I63: 1.420022
A64: 43 Years * | B64: 43.628 | C64: 57935 | D64: 42229 | E64: 0.53085261 | F64: 2.0256866 | G64: 1.4621172 | H64: 1.417797 | I64: 1.417625
A65: 44 Years * | B65: 44.642 | C65: 58300 | D65: 42229 | E65: 0.52412461 | F65: 2.033847 | G65: 1.4576581 | H65: 1.415399 | I65: 1.415228
A66: 45 Years * | B66: 45.658 | C66: 58666 | D66: 42229 | E66: 0.51749896 | F66: 2.0420611 | G66: 1.4532349 | H66: 1.412994 | I66: 1.412824
A67: 46 Years * | B67: 46.678 | C67: 59033 | D67: 42229 | E67: 0.51097443 | F67: 2.0503228 | G67: 1.4488438 | H67: 1.410583 | I67: 1.410413
A68: 47 Years * | B68: 47.689 | C68: 59397 | D68: 42229 | E68: 0.50461854 | F68: 2.0585402 | G68: 1.4445307 | H68: 1.408191 | I68: 1.408022
A69: 48 Years * | B69: 48.7 | C69: 59761 | D69: 42229 | E69: 0.49837579 | F69: 2.0667721 | G69: 1.4402544 | H69: 1.4058 | I69: 1.405631
A70: 49 Years * | B70: 49.717 | C70: 60127 | D70: 42229 | E70: 0.492211 | F70: 2.0750567 | G70: 1.4359876 | H70: 1.403395 | I70: 1.403227
A71: 50 Years | B71: 50.731 | C71: 60492 | D71: 42229 | E71: 0.48617279 | F71: 2.083324 | G71: 1.431764 | H71: 1.400997 | I71: 1.40083 | J71: 1Y | K71: 1Y | L71: 0 | M71: 1.401 | N71: 1.401 | O71: Yield | P71: Simple | Q71: act/360
A72: 51 Years * | B72: 51.744 | C72: 60857 | D72: 42229 | E72: 0.47951012 | F72: 2.0977358 | G72: 1.4305595 | H72: 1.400597 | I72: 1.400431
A73: 52 Years * | B73: 52.764 | C73: 61224 | D73: 42229 | E73: 0.47290908 | F73: 2.1123753 | G73: 1.4293704 | H73: 1.400195 | I73: 1.400028
A74: 53 Years * | B74: 53.775 | C74: 61588 | D74: 42229 | E74: 0.46645715 | F74: 2.1270472 | G74: 1.4282138 | H74: 1.399797 | I74: 1.399629
A75: 54 Years * | B75: 54.789 | C75: 61953 | D75: 42229 | E75: 0.46008172 | F75: 2.1419067 | G75: 1.4270733 | H75: 1.399397 | I75: 1.39923
A76: 55 Years * | B76: 55.803 | C76: 62318 | D76: 42229 | E76: 0.45379914 | F76: 2.1569143 | G76: 1.4259515 | H76: 1.398997 | I76: 1.398831
A77: 56 Years * | B77: 56.817 | C77: 62683 | D77: 42229 | E77: 0.44760803 | F77: 2.1720696 | G77: 1.424847 | H77: 1.398598 | I77: 1.398432
A78: 57 Years * | B78: 57.839 | C78: 63051 | D78: 42229 | E78: 0.44145761 | F78: 2.1874956 | G78: 1.4237486 | H78: 1.398195 | I78: 1.398028
A79: 58 Years * | B79: 58.85 | C79: 63415 | D79: 42229 | E79: 0.43546236 | F79: 2.2029053 | G79: 1.4226792 | H79: 1.397796 | I79: 1.397629
A80: 59 Years * | B80: 59.861 | C80: 63779 | D80: 42229 | E80: 0.42955409 | F80: 2.2184612 | G80: 1.4216239 | H80: 1.397398 | I80: 1.397231
A81: 60 Years | B81: 60.875 | C81: 64144 | D81: 42229 | E81: 0.42371577 | F81: 2.2342056 | G81: 1.4205787 | H81: 1.396998 | I81: 1.396832 | J81: 1Y | K81: 1Y | L81: 0 | M81: 1.397 | N81: 1.397 | O81: Yield | P81: Simple | Q81: act/360

Sheet Step_3_ConfigDepositi
J8: Funzione/Parametri | L8: id of object to be created | M8: deposit quote. In % | N8: deposit length (e.g. 3M for three months). | O8: fixing days (e.g. 2). | P8: holiday calendar (e.g. TARGET). | Q8: business day convention (e.g. Modified Following). | R8: End of Month rule (TRUE for end of month to end of month termination date, FALSE otherwise). | S8: DayCounter ID. | T8: object permanent/nonpermanent | U8: dependency tracking trigger | V8: overwrite flag
A9: qlDepositRateHelper2 | K9: Error | L9: ObjectId | M9: Rate | N9: Tenor | O9: FixingDays | P9: Calendar | Q9: Convention | R9: EndOfMonth | S9: DayCounter | T9: Permanent | U9: Trigger | V9: Overwrite | W9: configurazione curva EONIA - Sezione Tassi di Deposito
J10: =_xll.qlDepositRateHelper2(L10,M10,N10,O10,P10,Q10,R10,S10) -> OVN#0014 | K10: =_xll.ohRangeRetrieveError(J10) | L10: =W10 -> OVN | M10: =+VLOOKUP(L10,Step_2_SettingCurva!$A$3:$AB$41,7,FALSE)/100 -> -0.002 | N10: 1D | O10: =+VLOOKUP(L10,Step_2_SettingCurva!$A$3:$AC$41,28,FALSE) -> 0 | P10: TARGET | Q10: Modified Following | R10: TRUE | S10: Actual/360 | W10: =+Step_2_SettingCurva!A3 -> OVN
A11: string returnValue | J11: =_xll.qlDepositRateHelper2(L11,M11,N11,O11,P11,Q11,R11,S11) -> TN#0014 | K11: =_xll.ohRangeRetrieveError(J11) | L11: =+W11 -> TN | M11: =+VLOOKUP(L11,Step_2_SettingCurva!$A$3:$AB$41,7,FALSE)/100 -> -0.002 | N11: 1D | O11: =+VLOOKUP(L11,Step_2_SettingCurva!$A$3:$AC$41,28,FALSE) -> 1 | P11: =+P10 -> TARGET | Q11: =+Q10 -> Modified Following | R11: =+R10 -> TRUE | S11: =+S10 -> Actual/360 | W11: =+Step_2_SettingCurva!A4 -> TN
A12: qlDepositRateHelper2( | J12: =_xll.qlDepositRateHelper2(L12,M12,N12,O12,P12,Q12,R12,S12) -> SN#0014 | K12: =_xll.ohRangeRetrieveError(J12) | L12: =+W12 -> SN | M12: =+VLOOKUP(L12,Step_2_SettingCurva!$A$3:$AB$41,7,FALSE)/100 -> -0.0017 | N12: 1D | O12: =+VLOOKUP(L12,Step_2_SettingCurva!$A$3:$AC$41,28,FALSE) -> 2 | P12: =+P11 -> TARGET | Q12: =+Q11 -> Modified Following | R12: =+R11 -> TRUE | S12: =+S11 -> Actual/360 | W12: =+Step_2_SettingCurva!A5 -> SN
A13: string ObjectId | J13: =_xll.qlDepositRateHelper2(L13,M13,N13,O13,P13,Q13,R13,S13) -> 1W#0014 | K13: =_xll.ohRangeRetrieveError(J13) | L13: =+W13 -> 1W | M13: =+VLOOKUP(L13,Step_2_SettingCurva!$A$3:$AB$41,7,FALSE)/100 -> -0.00126 | N13: =+W13 -> 1W | O13: =+VLOOKUP(L13,Step_2_SettingCurva!$A$3:$AC$41,28,FALSE) -> 2 | P13: =+P12 -> TARGET | Q13: =+Q12 -> Modified Following | R13: =+R12 -> TRUE | S13: =+S12 -> Actual/360 | W13: =+Step_2_SettingCurva!A6 -> 1W
A14: string Rate | J14: =_xll.qlDepositRateHelper2(L14,M14,N14,O14,P14,Q14,R14,S14) -> 2W#0014 | K14: =_xll.ohRangeRetrieveError(J14) | L14: =+W14 -> 2W | M14: =+VLOOKUP(L14,Step_2_SettingCurva!$A$3:$AB$41,7,FALSE)/100 -> -0.00125 | N14: =+W14 -> 2W | O14: =+VLOOKUP(L14,Step_2_SettingCurva!$A$3:$AC$41,28,FALSE) -> 2 | P14: =+P13 -> TARGET | Q14: =+Q13 -> Modified Following | R14: =+R13 -> TRUE | S14: =+S13 -> Actual/360 | W14: =+Step_2_SettingCurva!A7 -> 2W
A15: string Tenor | J15: =_xll.qlDepositRateHelper2(L15,M15,N15,O15,P15,Q15,R15,S15) -> 3W#0014 | K15: =_xll.ohRangeRetrieveError(J15) | L15: =+W15 -> 3W | M15: =+VLOOKUP(L15,Step_2_SettingCurva!$A$3:$AB$41,7,FALSE)/100 -> -0.00126 | N15: =+W15 -> 3W | O15: =+VLOOKUP(L15,Step_2_SettingCurva!$A$3:$AC$41,28,FALSE) -> 2 | P15: =+P14 -> TARGET | Q15: =+Q14 -> Modified Following | R15: =+R14 -> TRUE | S15: =+S14 -> Actual/360 | W15: =+Step_2_SettingCurva!A8 -> 3W
A16: long FixingDays | J16: =_xll.qlDepositRateHelper2(L16,M16,N16,O16,P16,Q16,R16,S16) -> 1M#0014 | K16: =_xll.ohRangeRetrieveError(J16) | L16: =+W16 -> 1M | M16: =+VLOOKUP(L16,Step_2_SettingCurva!$A$3:$AB$41,7,FALSE)/100 -> -0.00128 | N16: =+W16 -> 1M | O16: =+VLOOKUP(L16,Step_2_SettingCurva!$A$3:$AC$41,28,FALSE) -> 2 | P16: =+P15 -> TARGET | Q16: =+Q15 -> Modified Following | R16: =+R15 -> TRUE | S16: =+S15 -> Actual/360 | W16: =+Step_2_SettingCurva!A9 -> 1M
A17: string Calendar | J17: =_xll.qlDepositRateHelper2(L17,M17,N17,O17,P17,Q17,R17,S17) -> 2M#0014 | K17: =_xll.ohRangeRetrieveError(J17) | L17: =+W17 -> 2M | M17: =+VLOOKUP(L17,Step_2_SettingCurva!$A$3:$AB$41,7,FALSE)/100 -> -0.00128 | N17: =+W17 -> 2M | O17: =+VLOOKUP(L17,Step_2_SettingCurva!$A$3:$AC$41,28,FALSE) -> 2 | P17: =+P16 -> TARGET | Q17: =+Q16 -> Modified Following | R17: =+R16 -> TRUE | S17: =+S16 -> Actual/360 | W17: =+Step_2_SettingCurva!A10 -> 2M
A18: string Convention | J18: =_xll.qlDepositRateHelper2(L18,M18,N18,O18,P18,Q18,R18,S18) -> 3M#0014 | K18: =_xll.ohRangeRetrieveError(J18) | L18: =+W18 -> 3M | M18: =+VLOOKUP(L18,Step_2_SettingCurva!$A$3:$AB$41,7,FALSE)/100 -> -0.0013 | N18: =+W18 -> 3M | O18: =+VLOOKUP(L18,Step_2_SettingCurva!$A$3:$AC$41,28,FALSE) -> 2 | P18: =+P17 -> TARGET | Q18: =+Q17 -> Modified Following | R18: =+R17 -> TRUE | S18: =+S17 -> Actual/360 | W18: =+Step_2_SettingCurva!A11 -> 3M
A19: bool EndOfMonth | J19: =_xll.qlDepositRateHelper2(L19,M19,N19,O19,P19,Q19,R19,S19) -> 4M#0014 | K19: =_xll.ohRangeRetrieveError(J19) | L19: =+W19 -> 4M | M19: =+VLOOKUP(L19,Step_2_SettingCurva!$A$3:$AB$41,7,FALSE)/100 -> -0.00133 | N19: =+W19 -> 4M | O19: =+VLOOKUP(L19,Step_2_SettingCurva!$A$3:$AC$41,28,FALSE) -> 2 | P19: =+P18 -> TARGET | Q19: =+Q18 -> Modified Following | R19: =+R18 -> TRUE | S19: =+S18 -> Actual/360 | W19: =+Step_2_SettingCurva!A12 -> 4M
A20: string DayCounter | J20: =_xll.qlDepositRateHelper2(L20,M20,N20,O20,P20,Q20,R20,S20) -> 5M#0014 | K20: =_xll.ohRangeRetrieveError(J20) | L20: =+W20 -> 5M | M20: =+VLOOKUP(L20,Step_2_SettingCurva!$A$3:$AB$41,7,FALSE)/100 -> -0.00132 | N20: =+W20 -> 5M | O20: =+VLOOKUP(L20,Step_2_SettingCurva!$A$3:$AC$41,28,FALSE) -> 2 | P20: =+P19 -> TARGET | Q20: =+Q19 -> Modified Following | R20: =+R19 -> TRUE | S20: =+S19 -> Actual/360 | W20: =+Step_2_SettingCurva!A13 -> 5M
A21: bool Permanent | J21: =_xll.qlDepositRateHelper2(L21,M21,N21,O21,P21,Q21,R21,S21) -> 6M#0014 | K21: =_xll.ohRangeRetrieveError(J21) | L21: =+W21 -> 6M | M21: =+VLOOKUP(L21,Step_2_SettingCurva!$A$3:$AB$41,7,FALSE)/100 -> -0.00134 | N21: =+W21 -> 6M | O21: =+VLOOKUP(L21,Step_2_SettingCurva!$A$3:$AC$41,28,FALSE) -> 2 | P21: =+P20 -> TARGET | Q21: =+Q20 -> Modified Following | R21: =+R20 -> TRUE | S21: =+S20 -> Actual/360 | W21: =+Step_2_SettingCurva!A14 -> 6M
A22: any Trigger | J22: =_xll.qlDepositRateHelper2(L22,M22,N22,O22,P22,Q22,R22,S22) -> 7M#0014 | K22: =_xll.ohRangeRetrieveError(J22) | L22: =+W22 -> 7M | M22: =+VLOOKUP(L22,Step_2_SettingCurva!$A$3:$AB$41,7,FALSE)/100 -> -0.00136 | N22: =+W22 -> 7M | O22: =+VLOOKUP(L22,Step_2_SettingCurva!$A$3:$AC$41,28,FALSE) -> 2 | P22: =+P21 -> TARGET | Q22: =+Q21 -> Modified Following | R22: =+R21 -> TRUE | S22: =+S21 -> Actual/360 | W22: =+Step_2_SettingCurva!A15 -> 7M
A23: bool Overwrite) | J23: =_xll.qlDepositRateHelper2(L23,M23,N23,O23,P23,Q23,R23,S23) -> 8M#0014 | K23: =_xll.ohRangeRetrieveError(J23) | L23: =+W23 -> 8M | M23: =+VLOOKUP(L23,Step_2_SettingCurva!$A$3:$AB$41,7,FALSE)/100 -> -0.00137 | N23: =+W23 -> 8M | O23: =+VLOOKUP(L23,Step_2_SettingCurva!$A$3:$AC$41,28,FALSE) -> 2 | P23: =+P22 -> TARGET | Q23: =+Q22 -> Modified Following | R23: =+R22 -> TRUE | S23: =+S22 -> Actual/360 | W23: =+Step_2_SettingCurva!A16 -> 8M
J24: =_xll.qlDepositRateHelper2(L24,M24,N24,O24,P24,Q24,R24,S24) -> 9M#0014 | K24: =_xll.ohRangeRetrieveError(J24) | L24: =+W24 -> 9M | M24: =+VLOOKUP(L24,Step_2_SettingCurva!$A$3:$AB$41,7,FALSE)/100 -> -0.00137 | N24: =+W24 -> 9M | O24: =+VLOOKUP(L24,Step_2_SettingCurva!$A$3:$AC$41,28,FALSE) -> 2 | P24: =+P23 -> TARGET | Q24: =+Q23 -> Modified Following | R24: =+R23 -> TRUE | S24: =+S23 -> Actual/360 | W24: =+Step_2_SettingCurva!A17 -> 9M
A25: Description: | J25: =_xll.qlDepositRateHelper2(L25,M25,N25,O25,P25,Q25,R25,S25) -> 10M#0014 | K25: =_xll.ohRangeRetrieveError(J25) | L25: =+W25 -> 10M | M25: =+VLOOKUP(L25,Step_2_SettingCurva!$A$3:$AB$41,7,FALSE)/100 -> -0.00139 | N25: =+W25 -> 10M | O25: =+VLOOKUP(L25,Step_2_SettingCurva!$A$3:$AC$41,28,FALSE) -> 2 | P25: =+P24 -> TARGET | Q25: =+Q24 -> Modified Following | R25: =+R24 -> TRUE | S25: =+S24 -> Actual/360 | W25: =+Step_2_SettingCurva!A18 -> 10M
J26: =_xll.qlDepositRateHelper2(L26,M26,N26,O26,P26,Q26,R26,S26) -> 11M#0014 | K26: =_xll.ohRangeRetrieveError(J26) | L26: =+W26 -> 11M | M26: =+VLOOKUP(L26,Step_2_SettingCurva!$A$3:$AB$41,7,FALSE)/100 -> -0.00139 | N26: =+W26 -> 11M | O26: =+VLOOKUP(L26,Step_2_SettingCurva!$A$3:$AC$41,28,FALSE) -> 2 | P26: =+P25 -> TARGET | Q26: =+Q25 -> Modified Following | R26: =+R25 -> TRUE | S26: =+S25 -> Actual/360 | W26: =+Step_2_SettingCurva!A19 -> 11M
A27: Construct an object of class DepositRateHelper and return its id | J27: =_xll.qlDepositRateHelper2(L27,M27,N27,O27,P27,Q27,R27,S27) -> 1Y#0014 | K27: =_xll.ohRangeRetrieveError(J27) | L27: =+W27 -> 1Y | M27: =+VLOOKUP(L27,Step_2_SettingCurva!$A$3:$AB$41,7,FALSE)/100 -> -0.0014 | N27: =+W27 -> 1Y | O27: =+VLOOKUP(L27,Step_2_SettingCurva!$A$3:$AC$41,28,FALSE) -> 2 | P27: =+P26 -> TARGET | Q27: =+Q26 -> Modified Following | R27: =+R26 -> TRUE | S27: =+S26 -> Actual/360 | W27: =+Step_2_SettingCurva!A20 -> 1Y
A29: Supported Platforms:
A31: C++, Calc, Excel
A33: Parameters
A34: ObjectId | B34: id of object to be created
A35: Rate | B35: deposit quote.
A36: Tenor | B36: deposit length (e.g. 3M for three months).
A37: FixingDays | B37: fixing days (e.g. 2).
A38: Calendar | B38: holiday calendar (e.g. TARGET).
A39: Convention | B39: business day convention (e.g. Modified Following).
A40: EndOfMonth | B40: End of Month rule (TRUE for end of month to end of month termination date, FALSE otherwise).
A41: DayCounter | B41: DayCounter ID.
A42: Permanent | B42: object permanent/nonpermanent
A43: Trigger | B43: dependency tracking trigger
A44: Overwrite | B44: overwrite flag

Sheet Step_4_ConfigSwap
A1: qlOISRateHelper
A3: string returnValue
A4: qlOISRateHelper(
A5: string ObjectId
A6: long SettlDays
A7: string Tenor
A8: string FixedRate
A9: string ONIndex
A10: string DiscountingCurve
A11: bool Permanent
A12: any Trigger
A13: bool Overwrite)
... A23: Parameters
A24: ObjectId | B24: id of object to be created
A25: SettlDays | B25: swap settlement days.
A26: Tenor | B26: swap length (e.g. 5Y for five years).
A27: FixedRate | B27: quote.
A28: ONIndex | B28: floating leg OvernightIndex object ID. | I28: Funzione/Parametri | J28: Error | K28: {=TRANSPOSE(A24:A32)} -> ObjectId | L28: SettlDays | M28: Tenor | N28: FixedRate | O28: ONIndex | P28: DiscountingCurve | Q28: Permanent | R28: Trigger | S28: Overwrite
A29: DiscountingCurve | B29: discounting YieldTermStructure object ID. Default value = . | I29: =_xll.qlOISRateHelper(K29,L29,M29,N29,O29) -> 15M#0015 | J29: =_xll.ohRangeRetrieveError(I29) | K29: =+I52 -> 15M | L29: 2 | M29: =+K29 -> 15M | N29: =VLOOKUP($K29,Step_2_SettingCurva!$A$21:$AC$41,7,FALSE)/100 -> -0.0014 | O29: =+Step_1_CreareIndice_EONIA!$C$1 -> EONIA!#0014
A30: Permanent | B30: object permanent/nonpermanent | I30: =_xll.qlOISRateHelper(K30,L30,M30,N30,O30) -> 18M#0010 | J30: =_xll.ohRangeRetrieveError(I30) | K30: =+I53 -> 18M | L30: 2 | M30: =+K30 -> 18M | N30: =VLOOKUP($K30,Step_2_SettingCurva!$A$21:$AC$41,7,FALSE)/100 -> -0.00137 | O30: =+Step_1_CreareIndice_EONIA!$C$1 -> EONIA!#0014
A31: Trigger | B31: dependency tracking trigger | I31: =_xll.qlOISRateHelper(K31,L31,M31,N31,O31) -> 21M#0010 | J31: =_xll.ohRangeRetrieveError(I31) | K31: =+I54 -> 21M | L31: 2 | M31: =+K31 -> 21M | N31: =VLOOKUP($K31,Step_2_SettingCurva!$A$21:$AC$41,7,FALSE)/100 -> -0.00132 | O31: =+Step_1_CreareIndice_EONIA!$C$1 -> EONIA!#0014
A32: Overwrite | B32: overwrite flag | I32: =_xll.qlOISRateHelper(K32,L32,M32,N32,O32) -> 2Y#0010 | J32: =_xll.ohRangeRetrieveError(I32) | K32: =+I55 -> 2Y | L32: 2 | M32: =+K32 -> 2Y | N32: =VLOOKUP($K32,Step_2_SettingCurva!$A$21:$AC$41,7,FALSE)/100 -> -0.00123 | O32: =+Step_1_CreareIndice_EONIA!$C$1 -> EONIA!#0014
I33: =_xll.qlOISRateHelper(K33,L33,M33,N33,O33) -> 3Y#0010 | J33: =_xll.ohRangeRetrieveError(I33) | K33: =+I56 -> 3Y | L33: 2 | M33: =+K33 -> 3Y | N33: =VLOOKUP($K33,Step_2_SettingCurva!$A$21:$AC$41,7,FALSE)/100 -> -0.00063 | O33: =+Step_1_CreareIndice_EONIA!$C$1 -> EONIA!#0014
I34: =_xll.qlOISRateHelper(K34,L34,M34,N34,O34) -> 4Y#0010 | J34: =_xll.ohRangeRetrieveError(I34) | K34: =+I57 -> 4Y | L34: 2 | M34: =+K34 -> 4Y | N34: =VLOOKUP($K34,Step_2_SettingCurva!$A$21:$AC$41,7,FALSE)/100 -> 0.00027 | O34: =+Step_1_CreareIndice_EONIA!$C$1 -> EONIA!#0014
I35: =_xll.qlOISRateHelper(K35,L35,M35,N35,O35) -> 5Y#0010 | J35: =_xll.ohRangeRetrieveError(I35) | K35: =+I58 -> 5Y | L35: 2 | M35: =+K35 -> 5Y | N35: =VLOOKUP($K35,Step_2_SettingCurva!$A$21:$AC$41,7,FALSE)/100 -> 0.00138 | O35: =+Step_1_CreareIndice_EONIA!$C$1 -> EONIA!#0014
I36: =_xll.qlOISRateHelper(K36,L36,M36,N36,O36) -> 6Y#0010 | J36: =_xll.ohRangeRetrieveError(I36) | K36: =+I59 -> 6Y | L36: 2 | M36: =+K36 -> 6Y | N36: =VLOOKUP($K36,Step_2_SettingCurva!$A$21:$AC$41,7,FALSE)/100 -> 0.00262 | O36: =+Step_1_CreareIndice_EONIA!$C$1 -> EONIA!#0014
I37: =_xll.qlOISRateHelper(K37,L37,M37,N37,O37) -> 7Y#0010 | J37: =_xll.ohRangeRetrieveError(I37) | K37: =+I60 -> 7Y | L37: 2 | M37: =+K37 -> 7Y | N37: =VLOOKUP($K37,Step_2_SettingCurva!$A$21:$AC$41,7,FALSE)/100 -> 0.00391 | O37: =+Step_1_CreareIndice_EONIA!$C$1 -> EONIA!#0014
I38: =_xll.qlOISRateHelper(K38,L38,M38,N38,O38) -> 8Y#0010 | J38: =_xll.ohRangeRetrieveError(I38) | K38: =+I61 -> 8Y | L38: 2 | M38: =+K38 -> 8Y | N38: =VLOOKUP($K38,Step_2_SettingCurva!$A$21:$AC$41,7,FALSE)/100 -> 0.00515 | O38: =+Step_1_CreareIndice_EONIA!$C$1 -> EONIA!#0014
I39: =_xll.qlOISRateHelper(K39,L39,M39,N39,O39) -> 9Y#0010 | J39: =_xll.ohRangeRetrieveError(I39) | K39: =+I62 -> 9Y | L39: 2 | M39: =+K39 -> 9Y | N39: =VLOOKUP($K39,Step_2_SettingCurva!$A$21:$AC$41,7,FALSE)/100 -> 0.0063 | O39: =+Step_1_CreareIndice_EONIA!$C$1 -> EONIA!#0014
I40: =_xll.qlOISRateHelper(K40,L40,M40,N40,O40) -> 10Y#0010 | J40: =_xll.ohRangeRetrieveError(I40) | K40: =+I63 -> 10Y | L40: 2 | M40: =+K40 -> 10Y | N40: =VLOOKUP($K40,Step_2_SettingCurva!$A$21:$AC$41,7,FALSE)/100 -> 0.00732 | O40: =+Step_1_CreareIndice_EONIA!$C$1 -> EONIA!#0014
I41: =_xll.qlOISRateHelper(K41,L41,M41,N41,O41) -> 11Y#0010 | J41: =_xll.ohRangeRetrieveError(I41) | K41: =+I64 -> 11Y | L41: 2 | M41: =+K41 -> 11Y | N41: =VLOOKUP($K41,Step_2_SettingCurva!$A$21:$AC$41,7,FALSE)/100 -> 0.00824 | O41: =+Step_1_CreareIndice_EONIA!$C$1 -> EONIA!#0014
I42: =_xll.qlOISRateHelper(K42,L42,M42,N42,O42) -> 12Y#0010 | J42: =_xll.ohRangeRetrieveError(I42) | K42: =+I65 -> 12Y | L42: 2 | M42: =+K42 -> 12Y | N42: =VLOOKUP($K42,Step_2_SettingCurva!$A$21:$AC$41,7,FALSE)/100 -> 0.00906 | O42: =+Step_1_CreareIndice_EONIA!$C$1 -> EONIA!#0014
I43: =_xll.qlOISRateHelper(K43,L43,M43,N43,O43) -> 15Y#0010 | J43: =_xll.ohRangeRetrieveError(I43) | K43: =+I66 -> 15Y | L43: 2 | M43: =+K43 -> 15Y | N43: =VLOOKUP($K43,Step_2_SettingCurva!$A$21:$AC$41,7,FALSE)/100 -> 0.0109 | O43: =+Step_1_CreareIndice_EONIA!$C$1 -> EONIA!#0014
I44: =_xll.qlOISRateHelper(K44,L44,M44,N44,O44) -> 20Y#0010 | J44: =_xll.ohRangeRetrieveError(I44) | K44: =+I67 -> 20Y | L44: 2 | M44: =+K44 -> 20Y | N44: =VLOOKUP($K44,Step_2_SettingCurva!$A$21:$AC$41,7,FALSE)/100 -> 0.01251 | O44: =+Step_1_CreareIndice_EONIA!$C$1 -> EONIA!#0014
... I49: =_xll.qlOISRateHelper(K49,L49,M49,N49,O49) -> 60Y#0010 | J49: =_xll.ohRangeRetrieveError(I49) | K49: =+I72 -> 60Y | L49: 2 | M49: =+K49 -> 60Y | N49: =VLOOKUP($K49,Step_2_SettingCurva!$A$21:$AC$41,7,FALSE)/100 -> 0.01334 | O49: =+Step_1_CreareIndice_EONIA!$C$1 -> EONIA!#0014
I51: Swap
I52: =+Step_2_SettingCurva!A21 -> 15M
I53: =+Step_2_SettingCurva!A22 -> 18M
I54: =+Step_2_SettingCurva!A23 -> 21M
I55: =+Step_2_SettingCurva!A24 -> 2Y
I56: =+Step_2_SettingCurva!A25 -> 3Y
I57: =+Step_2_SettingCurva!A26 -> 4Y
I58: =+Step_2_SettingCurva!A27 -> 5Y
I59: =+Step_2_SettingCurva!A28 -> 6Y
I60: =+Step_2_SettingCurva!A29 -> 7Y
I61: =+Step_2_SettingCurva!A30 -> 8Y
I62: =+Step_2_SettingCurva!A31 -> 9Y
I63: =+Step_2_SettingCurva!A32 -> 10Y
... I72: =+Step_2_SettingCurva!A41 -> 60Y

Sheet Step5_RateHelperselection
A1: qlRateHelperSelection
A3: vector<string> returnValue
A4: qlRateHelperSelection(
A5: vector<string> RateHelpers
A6: vector<long> Priority
A7: long NImmFutures
A8: long NSerialFutures
A9: long FutureRollDays
A10: string DepoInclusion
A11: vector<long> MinDistance
A12: any Trigger)
I13: NImmFutures
A14: Description: | I14: NSerialFutures
I15: FutureRollDays
A16: selects rate helpers for bootstrapping. | I16: DepoInclusion | J16: AllDepos
I17: MinDistance
A18: Supported Platforms: | I18: Trigger
A20: Excel
A22: Parameters
A23: RateHelpers | B23: vector of RateHelper IDs. | E23: RateHelpers | F23: Priority | G23: Min distance
A24: Priority | B24: vector of priority integers (higher number for higher priority). | E24: =+Step_3_ConfigDepositi!J10 -> OVN#0014 | F24: 1 | G24: 1 | H24: {=_xll.qlRateHelperSelection(E24:E62,F24:F62,J13,J14,J15,J16,G24:G62)} -> OVN | I24: =_xll.ohRangeRetrieveError(H24)
A25: NImmFutures | B25: max number of IMM (March, June, September, December) Futures to be included. | E25: =+Step_3_ConfigDepositi!J11 -> TN#0014 | F25: 1 | G25: 1 | H25: TN
A26: NSerialFutures | B26: max number of Serial (January, February, April, May, July, August, October, November) Futures to be included. | E26: =+Step_3_ConfigDepositi!J12 -> SN#0014 | F26: 1 | G26: 1 | H26: SN
A27: FutureRollDays | B27: discard the front Futures the given number of (positive) days before its expiry (e.g zero implies the use of the front Futures during its expiry day). Default value = 2. | E27: =+Step_3_ConfigDepositi!J13 -> 1W#0014 | F27: 1 | G27: 1 | H27: 1W
A28: DepoInclusion | B28: Depo inclusion criteria. Default value = AllDepos. | E28: =+Step_3_ConfigDepositi!J14 -> 2W#0014 | F28: 1 | G28: 1 | H28: 2W
A29: MinDistance | B29: minimum distance in (positive) days from near instruments. Default value = 1. | E29: =+Step_3_ConfigDepositi!J15 -> 3W#0014 | F29: 1 | G29: 1 | H29: 3W
A30: Trigger | B30: dependency tracking trigger | E30: =+Step_3_ConfigDepositi!J16 -> 1M#0014 | F30: 1 | G30: 1 | H30: 1M
E31: =+Step_3_ConfigDepositi!J17 -> 2M#0014 | F31: 1 | G31: 1 | H31: 2M
E32: =+Step_3_ConfigDepositi!J18 -> 3M#0014 | F32: 1 | G32: 1 | H32: 3M
E33: =+Step_3_ConfigDepositi!J19 -> 4M#0014 | F33: 1 | G33: 1 | H33: 4M
E34: =+Step_3_ConfigDepositi!J20 -> 5M#0014 | F34: 1 | G34: 1 | H34: 5M
E35: =+Step_3_ConfigDepositi!J21 -> 6M#0014 | F35: 1 | G35: 1 | H35: 6M
E36: =+Step_3_ConfigDepositi!J22 -> 7M#0014 | F36: 1 | G36: 1 | H36: 7M
E37: =+Step_3_ConfigDepositi!J23 -> 8M#0014 | F37: 1 | G37: 1 | H37: 8M
E38: =+Step_3_ConfigDepositi!J24 -> 9M#0014 | F38: 1 | G38: 1 | H38: 9M
E39: =+Step_3_ConfigDepositi!J25 -> 10M#0014 | F39: 1 | G39: 1 | H39: 10M
E40: =+Step_3_ConfigDepositi!J26 -> 11M#0014 | F40: 1 | G40: 1 | H40: 11M
E41: =+Step_3_ConfigDepositi!J27 -> 1Y#0014 | F41: 1 | G41: 1 | H41: 1Y
E42: =+Step_4_ConfigSwap!I29 -> 15M#0015 | F42: 1 | G42: 1 | H42: 15M
E43: =+Step_4_ConfigSwap!I30 -> 18M#0010 | F43: 1 | G43: 1 | H43: 18M
E44: =+Step_4_ConfigSwap!I31 -> 21M#0010 | F44: 1 | G44: 1 | H44: 21M
E45: =+Step_4_ConfigSwap!I32 -> 2Y#0010 | F45: 1 | G45: 1 | H45: 2Y
E46: =+Step_4_ConfigSwap!I33 -> 3Y#0010 | F46: 1 | G46: 1 | H46: 3Y
E47: =+Step_4_ConfigSwap!I34 -> 4Y#0010 | F47: 1 | G47: 1 | H47: 4Y
E48: =+Step_4_ConfigSwap!I35 -> 5Y#0010 | F48: 1 | G48: 1 | H48: 5Y
E49: =+Step_4_ConfigSwap!I36 -> 6Y#0010 | F49: 1 | G49: 1 | H49: 6Y
E50: =+Step_4_ConfigSwap!I37 -> 7Y#0010 | F50: 1 | G50: 1 | H50: 7Y | K50: id of object to be created
E51: =+Step_4_ConfigSwap!I38 -> 8Y#0010 | F51: 1 | G51: 1 | H51: 8Y | K51: number of days to advance from EvaluationDate (usually zero or two): it fixes the date at which the discount factor = 1.0. Default value = 0.
E52: =+Step_4_ConfigSwap!I39 -> 9Y#0010 | F52: 1 | G52: 1 | H52: 9Y | K52: holiday calendar (e.g. TARGET) to advance from global EvaluationDate.
E53: =+Step_4_ConfigSwap!I40 -> 10Y#0010 | F53: 1 | G53: 1 | H53: 10Y | K53: vector of rate-helpers.
E54: =+Step_4_ConfigSwap!I41 -> 11Y#0010 | F54: 1 | G54: 1 | H54: 11Y | K54: DayCounter ID. Default value = Actual/365 (Fixed).
E55: =+Step_4_ConfigSwap!I42 -> 12Y#0010 | F55: 1 | G55: 1 | H55: 12Y | K55: Jump quotes vector.
E56: =+Step_4_ConfigSwap!I43 -> 15Y#0010 | F56: 1 | G56: 1 | H56: 15Y | K56: Jump dates vector.
E57: =+Step_4_ConfigSwap!I44 -> 20Y#0010 | F57: 1 | G57: 1 | H57: 20Y | K57: Bootstrapping accuracy. Default value = 1.0e-12.
E58: =+Step_4_ConfigSwap!I45 -> 25Y#0010 | F58: 1 | G58: 1 | H58: 25Y | K58: Discount, ZeroRate, or ForwardRate. Default value = Discount.
E59: =+Step_4_ConfigSwap!I46 -> 30Y#0010 | F59: 1 | G59: 1 | H59: 30Y | K59: BackwardFlat, ForwardFlat, Linear, LogLinear, CubicSpline, or LogCubic. Default value = LogLinear.
E60: =+Step_4_ConfigSwap!I47 -> 40Y#0010 | F60: 1 | G60: 1 | H60: 40Y | K60: object permanent/nonpermanent
E61: =+Step_4_ConfigSwap!I48 -> 50Y#0010 | F61: 1 | G61: 1 | H61: 50Y | K61: dependency tracking trigger
E62: =+Step_4_ConfigSwap!I49 -> 60Y#0010 | F62: 1 | G62: 1 | H62: 60Y | K62: overwrite flag

Sheet Step6_Bootstrap
A1: http://quantlib.org/quantlibxl/
A3: qlPiecewiseYieldCurve
A5: string returnValue
A6: qlPiecewiseYieldCurve(
A7: string ObjectId
A8: long NDays
A9: string Calendar
A10: vector<string> RateHelpers
A11: string DayCounter
A12: vector<string> Jumps
A13: vector<long> JumpDates
A14: double Accuracy
... A18: any Trigger
A19: bool Overwrite) | H19: =_xll.ohRangeRetrieveError(H21) | I19: =_xll.ohRangeRetrieveError(I21)
E20: PiecewiseYieldCurve | F20: {=_xll.qlPiecewiseYieldCurve(F22,F23,F24,_xll.ohPack(Step5_RateHelperselection!H24:H62),F25,,,F28,F26,F27,F29,F30)} -> EONIACurve#0010 | H20: Date | I20: Data | K20: Mat. Date | L20: Start Date | M20: Discount Factor
A21: Description: | E21: Error | F21: =_xll.ohRangeRetrieveError(F20) | H21: {=_xll.qlPiecewiseYieldCurveDates(F20)} -> 42235 | I21: {=_xll.qlPiecewiseYieldCurveData(F20)} -> 1 | K21: 42234 | L21: 42233 | M21: 1.0000056
E22: ObjectID | F22: EONIACurve | H22: 42236 | I22: 1.0000047 | J22: =-LN(I22)/((H22-$F$34)/360) -> -0.001700004 | K22: 42235 | L22: 42234 | M22: 1.0000056
A23: Construct an object of class PiecewiseYieldCurve and return its id | E23: NDays | F23: 2 | H23: 42242 | I23: 1.0000245 | J23: =-LN(I23)/((H23-$F$34)/360) -> -0.0012600154 | K23: 42236 | L23: 42235 | M23: 1.0000047
E24: Calendar | F24: TARGET | H24: 42249 | I24: 1.0000486 | J24: =-LN(I24)/((H24-$F$34)/360) -> -0.0012500304 | K24: 42242 | L24: 42235 | M24: 1.0000245
A25: Supported Platforms: | E25: DayCounter | F25: Actual/360 | H25: 42256 | I25: 1.0000735 | J25: =-LN(I25)/((H25-$F$34)/360) -> -0.0012600463 | K25: 42249 | L25: 42235 | M25: 1.0000486
E26: TraitsID | F26: Discount | H26: 42268 | I26: 1.0001173 | J26: =-LN(I26)/((H26-$F$34)/360) -> -0.0012800751 | K26: 42256 | L26: 42235 | M26: 1.0000735
A27: C++, Calc, Excel | E27: InterpolatorID | F27: LogLinear | H27: 42296 | I27: 1.0002169 | J27: =-LN(I27)/((H27-$F$34)/360) -> -0.0012801388 | K27: 42268 | L27: 42235 | M27: 1.0001173
E28: Accuracy | H28: 42327 | I28: 1.0003323 | J28: =-LN(I28)/((H28-$F$34)/360) -> -0.001300216 | K28: 42296 | L28: 42235 | M28: 1.0002169
A29: Parameters | E29: Permanent | H29: 42359 | I29: 1.0004583 | J29: =-LN(I29)/((H29-$F$34)/360) -> -0.0013303047 | K29: 42327 | L29: 42235 | M29: 1.0003323
A30: ObjectId | B30: id of object to be created | E30: Trigger | H30: 42388 | I30: 1.0005613 | J30: =-LN(I30)/((H30-$F$34)/360) -> -0.0013203704 | K30: 42359 | L30: 42235 | M30: 1.0004583
A31: NDays | B31: number of days to advance from EvaluationDate (usually zero or two): it fixes the date at which the discount factor = 1.0. Default value = 0. | H31: 42419 | I31: 1.0006854 | J31: =-LN(I31)/((H31-$F$34)/360) -> -0.0013404591 | K31: 42388 | L31: 42235 | M31: 1.0005613
A32: Calendar | B32: holiday calendar (e.g. TARGET) to advance from global EvaluationDate. | E32: TermStructureCalendar | F32: =_xll.qlTermStructureCalendar($F$20) -> TARGET | H32: 42450 | I32: 1.0008129 | J32: =-LN(I32)/((H32-$F$34)/360) -> -0.0013605526 | K32: 42419 | L32: 42235 | M32: 1.0006854
A33: RateHelpers | B33: vector of rate-helpers. | E33: TermStructureDayCounter | F33: =_xll.qlTermStructureDayCounter($F$20) -> Actual/360 | H33: 42479 | I33: 1.0009294 | J33: =-LN(I33)/((H33-$F$34)/360) -> -0.0013706365 | K33: 42450 | L33: 42235 | M33: 1.0008129
A34: DayCounter | B34: DayCounter ID. Default value = Actual/365 (Fixed). | E34: TermStructureReferenceDate | F34: =_xll.qlTermStructureReferenceDate($F$20) -> 42235 | H34: 42509 | I34: 1.0010438 | J34: =-LN(I34)/((H34-$F$34)/360) -> -0.0013707148 | K34: 42479 | L34: 42235 | M34: 1.0009294
A35: Jumps | B35: Jump quotes vector. | D35: =_xll.ohRangeRetrieveError(F35) | E35: TermStructureMaxDate | F35: =_xll.qlTermStructureMaxDate(F20,F34) -> 64150 | H35: 42541 | I35: 1.0011829 | J35: =-LN(I35)/((H35-$F$34)/360) -> -0.0013908218 | K35: 42509 | L35: 42235 | M35: 1.0010438
A36: JumpDates | B36: Jump dates vector. | E36: TermStructureSettlementDays | F36: 2 | H36: 42570 | I36: 1.0012951 | J36: =-LN(I36)/((H36-$F$34)/360) -> -0.0013908997 | K36: 42541 | L36: 42235 | M36: 1.0011829
A37: Accuracy | B37: Bootstrapping accuracy. Default value = 1.0e-12. | E37: YieldTSDiscount | F37: =_xll.qlYieldTSDiscount(F20,F34) -> 1 | H37: 42601 | I37: 1.0014254 | J37: =-LN(I37)/((H37-$F$34)/360) -> -0.0014009973 | K37: 42570 | L37: 42235 | M37: 1.0012951
A38: TraitsID | B38: Discount, ZeroRate, or ForwardRate. Default value = Discount. | E38: YieldTSForwardRate | H38: 42695 | I38: 1.0017916 | J38: =-LN(I38)/((H38-$F$34)/360) -> -0.0014008458 | K38: 42601 | L38: 42235 | M38: 1.0014254
A39: InterpolatorID | B39: BackwardFlat, ForwardFlat, Linear, LogLinear, CubicSpline, or LogCubic. Default value = LogLinear. | E39: YieldTSZeroRate | H39: 42786 | I39: 1.0021003 | J39: =-LN(I39)/((H39-$F$34)/360) -> -0.0013708241 | K39: 42695 | L39: 42235 | M39: 1.0017916
A40: Permanent | B40: object permanent/nonpermanent | H40: 42874 | I40: 1.0023473 | J40: =-LN(I40)/((H40-$F$34)/360) -> -0.0013208518 | K40: 42786 | L40: 42235 | M40: 1.0021003
A41: Trigger | B41: dependency tracking trigger | H41: 42968 | I41: 1.0025093 | J41: =-LN(I41)/((H41-$F$34)/360) -> -0.0012308771 | K41: 42874 | L41: 42235 | M41: 1.0023473
A42: Overwrite | B42: overwrite flag | H42: 43332 | I42: 1.0019235 | J42: =-LN(I42)/((H42-$F$34)/360) -> -0.00063062427 | K42: 42968 | L42: 42235 | M42: 1.0025093
H43: 43696 | I43: 0.99890294 | J43: =-LN(I43)/((H43-$F$34)/360) -> 0.00027047058 | K43: 43332 | L43: 42235 | M43: 1.0019235
H44: 44062 | I44: 0.99299964 | J44: =-LN(I44)/((H44-$F$34)/360) -> 0.0013842323 | K44: 43696 | L44: 42235 | M44: 0.99890294
H45: 44427 | I45: 0.98409532 | J45: =-LN(I45)/((H45-$F$34)/360) -> 0.0026330778 | K45: 44062 | L45: 42235 | M45: 0.99299964
H46: 44792 | I46: 0.97240946 | J46: =-LN(I46)/((H46-$F$34)/360) -> 0.0039390658 | K46: 44427 | L46: 42235 | M46: 0.98409532
H47: 45159 | I47: 0.9586266 | J47: =-LN(I47)/((H47-$F$34)/360) -> 0.0052022276 | K47: 44792 | L47: 42235 | M47: 0.97240946
A48: qlDiscountCurve | H48: 45523 | I48: 0.94337855 | J48: =-LN(I48)/((H48-$F$34)/360) -> 0.0063818587 | K48: 45159 | L48: 42235 | M48: 0.9586266
H49: 45888 | I49: 0.92732894 | J49: =-LN(I49)/((H49-$F$34)/360) -> 0.0074352298 | K49: 45523 | L49: 42235 | M49: 0.94337855
A50: string returnValue | H50: 46253 | I50: 0.91058797 | J50: =-LN(I50)/((H50-$F$34)/360) -> 0.0083920651 | K50: 45888 | L50: 42235 | M50: 0.92732894
A51: qlDiscountCurve( | H51: 46618 | I51: 0.89348278 | J51: =-LN(I51)/((H51-$F$34)/360) -> 0.0092507773 | K51: 46253 | L51: 42235 | M51: 0.91058797
A52: string ObjectId | H52: 47714 | I52: 0.84331738 | J52: =-LN(I52)/((H52-$F$34)/360) -> 0.011196986 | K52: 46618 | L52: 42235 | M52: 0.89348278
A53: vector<long> CurveDates | H53: 49541 | I53: 0.76948063 | J53: =-LN(I53)/((H53-$F$34)/360) -> 0.012911883 | K53: 46986 | L53: 42235 | M53: 0.8775379
A54: vector<double> CurveDiscounts | H54: 51368 | I54: 0.71092 | J54: =-LN(I54)/((H54-$F$34)/360) -> 0.013449068 | K54: 47350 | L54: 42235 | M54: 0.86084955
A55: string DayCounter | H55: 53195 | I55: 0.65925415 | J55: =-LN(I55)/((H55-$F$34)/360) -> 0.013685458 | K55: 47714 | L55: 42235 | M55: 0.8432909
A56: bool Permanent | H56: 56845 | I56: 0.56653021 | J56: =-LN(I56)/((H56-$F$34)/360) -> 0.014001434 | K56: 48079 | L56: 42235 | M56: 0.82923199
A57: any Trigger | H57: 60498 | I57: 0.50266945 | J57: =-LN(I57)/((H57-$F$34)/360) -> 0.013558347 | K57: 48445 | L57: 42235 | M57: 0.81476133
A58: bool Overwrite) | H58: 64150 | I58: 0.44116892 | J58: =-LN(I58)/((H58-$F$34)/360) -> 0.013442751 | K58: 48810 | L58: 42235 | M58: 0.79997594
H59: #N/A | I59: #N/A | J59: =-LN(I59)/((H59-$F$34)/360) -> #N/A | K59: 49177 | L59: 42235 | M59: 0.78477239
A60: Description: | H60: #N/A | I60: #N/A | J60: =-LN(I60)/((H60-$F$34)/360) -> #N/A | K60: 49541 | L60: 42235 | M60: 0.76937671
H61: #N/A | I61: #N/A | J61: =-LN(I61)/((H61-$F$34)/360) -> #N/A | K61: 49906 | L61: 42235 | M61: 0.75769461
A62: Construct an object of class DiscountCurve and return its id | H62: #N/A | I62: #N/A | J62: =-LN(I62)/((H62-$F$34)/360) -> #N/A | K62: 50271 | L62: 42235 | M62: 0.74599768
H63: #N/A | I63: #N/A | J63: =-LN(I63)/((H63-$F$34)/360) -> #N/A | K63: 50636 | L63: 42235 | M63: 0.73428989
A64: Supported Platforms: | H64: #N/A | I64: #N/A | J64: =-LN(I64)/((H64-$F$34)/360) -> #N/A | K64: 51001 | L64: 42235 | M64: 0.72257519
H65: #N/A | I65: #N/A | J65: =-LN(I65)/((H65-$F$34)/360) -> #N/A | K65: 51368 | L65: 42235 | M65: 0.71079365
A66: C++, Calc, Excel | H66: #N/A | I66: #N/A | J66: =-LN(I66)/((H66-$F$34)/360) -> #N/A | K66: 51732 | L66: 42235 | M66: 0.70036764
C67: {=_xll.qlZeroCurve(C69,H21:H58,I21:I58,F25)} -> Eonia_Curve_Bootstrapping#0010 | H67: #N/A | I67: #N/A | J67: =-LN(I67)/((H67-$F$34)/360) -> #N/A | K67: 52097 | L67: 42235 | M67: 0.68997788
A68: Parameters | H68: #N/A | I68: #N/A | J68: =-LN(I68)/((H68-$F$34)/360) -> #N/A | K68: 52462 | L68: 42235 | M68: 0.67965368
A69: ObjectId | B69: id of object to be created | C69: Eonia_Curve_Bootstrapping | H69: #N/A | I69: #N/A | J69: =-LN(I69)/((H69-$F$34)/360) -> #N/A | K69: 52828 | L69: 42235 | M69: 0.66936795
A70: CurveDates | B70: dates of the curve. | H70: #N/A | I70: #N/A | J70: =-LN(I70)/((H70-$F$34)/360) -> #N/A | K70: 53195 | L70: 42235 | M70: 0.65912196
A71: CurveDiscounts | B71: discount factors for the above dates. | H71: #N/A | I71: #N/A | J71: =-LN(I71)/((H71-$F$34)/360) -> #N/A | K71: 53559 | L71: 42235 | M71: 0.64949054
A72: DayCounter | B72: DayCounter ID. Default value = Actual/365 (Fixed). | H72: #N/A | I72: #N/A | J72: =-LN(I72)/((H72-$F$34)/360) -> #N/A | K72: 53923 | L72: 42235 | M72: 0.63994373
A73: Permanent | B73: object permanent/nonpermanent | H73: #N/A | I73: #N/A | J73: =-LN(I73)/((H73-$F$34)/360) -> #N/A | K73: 54289 | L73: 42235 | M73: 0.63042994
A74: Trigger | B74: dependency tracking trigger | H74: #N/A | I74: #N/A | J74: =-LN(I74)/((H74-$F$34)/360) -> #N/A | K74: 54654 | L74: 42235 | M74: 0.62102681
A75: Overwrite | B75: overwrite flag | H75: #N/A | I75: #N/A | J75: =-LN(I75)/((H75-$F$34)/360) -> #N/A | K75: 55019 | L75: 42235 | M75: 0.61170823
H76: #N/A | I76: #N/A | J76: =-LN(I76)/((H76-$F$34)/360) -> #N/A | K76: 55386 | L76: 42235 | M76: 0.60242397
H77: #N/A | I77: #N/A | J77: =-LN(I77)/((H77-$F$34)/360) -> #N/A | K77: 55750 | L77: 42235 | M77: 0.59329912
J78: =-LN(I78)/((H78-$F$34)/360) -> #NUM! | K78: 56115 | L78: 42235 | M78: 0.5842332
J79: =-LN(I79)/((H79-$F$34)/360) -> #NUM! | K79: 56480 | L79: 42235 | M79: 0.57525101
J80: =-LN(I80)/((H80-$F$34)/360) -> #NUM! | K80: 56845 | L80: 42235 | M80: 0.5663523
J81: =-LN(I81)/((H81-$F$34)/360) -> #NUM! | K81: 57213 | L81: 42235 | M81: 0.55939397
J82: =-LN(I82)/((H82-$F$34)/360) -> #NUM! | K82: 57577 | L82: 42235 | M82: 0.55263368
J83: =-LN(I83)/((H83-$F$34)/360) -> #NUM! | K83: 57941 | L83: 42235 | M83: 0.54599348
J84: =-LN(I84)/((H84-$F$34)/360) -> #NUM! | K84: 58306 | L84: 42235 | M84: 0.53945357
J85: =-LN(I85)/((H85-$F$34)/360) -> #NUM! | K85: 58672 | L85: 42235 | M85: 0.53301281
J86: =-LN(I86)/((H86-$F$34)/360) -> #NUM! | K86: 59037 | L86: 42235 | M86: 0.52670408
J87: =-LN(I87)/((H87-$F$34)/360) -> #NUM! | K87: 59404 | L87: 42235 | M87: 0.52047428
J88: =-LN(I88)/((H88-$F$34)/360) -> #NUM! | K88: 59768 | L88: 42235 | M88: 0.51440528
J89: =-LN(I89)/((H89-$F$34)/360) -> #NUM! | K89: 60133 | L89: 42235 | M89: 0.50842797
... J100: =-LN(I100)/((H100-$F$34)/360) -> #NUM! | K100: 64150 | L100: 42235 | M100: 0.44107867

Sheet Foglio2
A1: Function List
A3: ohBoostVersion ()
A4: ohEnumeratedClass ()
A5: ohEnumeratedPair ()
A6: ohEnumeratedType ()
A7: ohFilter ()
A8: ohFunctionCount ()
A9: ohGroup ()
A10: ohGroupList ()
A11: ohGroupSize ()
A12: ohListEnumeratedClasses ()
A13: ohListEnumeratedPairs ()
... A1076: SourceForge logo copyright © Open Source Tec

Sheet Step_1_Euribor6M
A1: qlEuribor | C1: =_xll.qlEuribor(C3,C4) -> Euribor6M#0014
A2: Parametro | B2: Documentazione | C2: Input
A3: ObjectId | B3: id of object to be created | C3: Euribor6M
A4: Tenor | B4: index tenor: SW (1W), 2W, 3W, 1M, 2M, 3M, 4M, 5M, 6M, 7M, 8M, 9M, 10M, 11M, 12M (1Y). | C4: 6M
A5: YieldCurve | B5: forecasting YieldTermStructure object ID. Default value = .
A6: Permanent | B6: object permanent/nonpermanent
A7: Trigger | B7: dependency tracking trigger
A8: Overwrite | B8: overwrite flag

Sheet Step_2_Eur6m_settings
A1: 1 | B1: =+A1+1 -> 2 | C1: =+B1+1 -> 3 | D1: =+C1+1 -> 4 | E1: =+D1+1 -> 5 | F1: =+E1+1 -> 6 | G1: =+F1+1 -> 7 | H1: =+G1+1 -> 8 | I1: =+H1+1 -> 9 | ... AA1: =+Z1+1 -> 27
A2: Input Time Bucket | B2: Description | C2: Term | D2: Mat. Date | E2: Spot % | F2: Shock % | G2: Input I. Rate % | H2: Bid % | I2: Ask % | J2: Start Date | K2: Rate Type | L2: Capitalisation | M2: Day Count | N2: Daily Interpolation | O2: Mkt Price Source Detail | P2: Price Time | Q2: Daily IP Code | R2: Daily Ask Price Type | S2: Daily Bid Price Type | T2: Daily IP | U2: Closing Interpolation | V2: Closing IP Code | W2: Closing Ask Price Type | X2: Closing Bid Price Type | Y2: Closing IP | Z2: I. Rate Freq. | AA2: GG partenza
A3: 6M | B3: 6 Months | C3: 0.511 | D3: 42419 | E3: 0.045994564 | F3: 0 | G3: 0.046 | H3: 0.031 | I3: 0.061 | J3: 42235 | K3: Spot | L3: Simple | M3: act/360 | N3: 0 | O3: Provider | P3: 42232.979 | Q3: /BSYM/CMPL/EUFR00F | R3: Last Ask | S3: Last Bid | T3: Bloomberg | U3: 0 | W3: -- None -- | X3: -- None -- | Y3: Bloomberg | Z3: 1 | AA3: 2
A4: 3M/9M | B4: 9 Months | C4: 0.506 | D4: 42509 | E4: 0.04400238 | F4: 0 | G4: 0.043 | H4: 0.018 | I4: 0.068 | J4: 42327 | K4: FRA | L4: Simple | M4: act/360 | N4: 0 | O4: Provider | P4: 42233.392 | Q4: /BSYM/ICPL/EUFR0CI | R4: Last Ask | S4: Last Bid | T4: Bloomberg | U4: 0 | W4: -- None -- | X4: -- None -- | Y4: Bloomberg | Z4: 1 | AA4: =+AA3 -> 2
A5: 6M/1Y | B5: 1 Year | C5: 0.506 | D5: 42601 | E5: 0.047983211 | F5: 0 | G5: 0.05 | H5: 0.025 | I5: 0.075 | J5: 42419 | K5: FRA | L5: Simple | M5: act/360 | N5: 0 | O5: Provider | P5: 42233.375 | Q5: /BSYM/ICPL/EUFR0F1 | R5: Last Ask | S5: Last Bid | T5: Bloomberg | U5: 0 | W5: -- None -- | X5: -- None -- | Y5: Bloomberg | Z5: 1 | AA5: =+AA4 -> 2
A6: 1Y/18M | B6: 18 Months | C6: 0.514 | D6: 42786 | E6: 0.061412296 | F6: 0 | G6: 0.088 | H6: 0.063 | I6: 0.113 | J6: 42601 | K6: FRA | L6: Simple | M6: act/360 | N6: 0 | O6: Provider | P6: 42233.41 | Q6: /BSYM/ICPL/EUFR011F | R6: Last Ask | S6: Last Bid | T6: Bloomberg | U6: 0 | W6: -- None -- | X6: -- None -- | Y6: Bloomberg | Z6: 1 | AA6: =+AA5 -> 2
A7: 18M/2Y | B7: 2 Years | C7: 0.506 | D7: 42968 | E7: 0.086619316 | F7: 0 | G7: 0.163 | H7: 0.138 | I7: 0.188 | J7: 42786 | K7: FRA | L7: Simple | M7: act/360 | N7: 0 | O7: Provider | P7: 42233.403 | Q7: /BSYM/ICPL/EUFR1F2 | R7: Last Ask | S7: Last Bid | T7: Bloomberg | U7: 0 | W7: -- None -- | X7: -- None -- | Y7: Bloomberg | Z7: 1 | AA7: =+AA6 -> 2
A8: 3Y | B8: 3 Years | C8: 3.047 | D8: 43332 | E8: 0.16336691 | F8: 0 | G8: 0.166 | H8: 0.146 | I8: 0.186 | J8: 42235 | K8: Yield | L8: Simple | M8: 30/360 | N8: 0 | O8: Provider | P8: 42233.416 | Q8: /BSYM/ICPL/EUSA3 | R8: Last Ask | S8: Last Bid | T8: Bloomberg | U8: 0 | W8: -- None -- | X8: -- None -- | Y8: Bloomberg | Z8: 1 | AA8: =+AA7 -> 2
A9: 4Y | B9: 4 Years | C9: 4.058 | D9: 43696 | E9: 0.26883041 | F9: 0 | G9: 0.273 | H9: 0.253 | I9: 0.293 | J9: 42235 | K9: Yield | L9: Simple | M9: 30/360 | N9: 0 | O9: Provider | P9: 42233.417 | Q9: /BSYM/ICPL/EUSA4 | R9: Last Ask | S9: Last Bid | T9: Bloomberg | U9: 0 | W9: -- None -- | X9: -- None -- | Y9: Bloomberg | Z9: 1 | AA9: =+AA8 -> 2
A10: 5Y | B10: 5 Years | C10: 5.075 | D10: 44062 | E10: 0.38893117 | F10: 0 | G10: 0.395 | H10: 0.375 | I10: 0.415 | J10: 42235 | K10: Yield | L10: Simple | M10: 30/360 | N10: 0 | O10: Provider | P10: 42233.417 | Q10: /BSYM/ICPL/EUSA5 | R10: Last Ask | S10: Last Bid | T10: Bloomberg | U10: 0 | W10: -- None -- | X10: -- None -- | Y10: Bloomberg | Z10: 1 | AA10: =+AA9 -> 2
A11: 6Y | B11: 6 Years | C11: 6.089 | D11: 44427 | E11: 0.51444001 | F11: 0 | G11: 0.522 | H11: 0.502 | I11: 0.542 | J11: 42235 | K11: Yield | L11: Simple | M11: 30/360 | N11: 0 | O11: Provider | P11: 42233.417 | Q11: /BSYM/ICPL/EUSA6 | R11: Last Ask | S11: Last Bid | T11: Bloomberg | U11: 0 | W11: -- None -- | X11: -- None -- | Y11: Bloomberg | Z11: 1 | AA11: =+AA10 -> 2
A12: 7Y | B12: 7 Years | C12: 7.103 | D12: 44792 | E12: 0.64392256 | F12: 0 | G12: 0.652 | H12: 0.632 | I12: 0.672 | J12: 42235 | K12: Yield | L12: Simple | M12: 30/360 | N12: 0 | O12: Provider | P12: 42233.417 | Q12: /BSYM/ICPL/EUSA7 | R12: Last Ask | S12: Last Bid | T12: Bloomberg | U12: 0 | W12: -- None -- | X12: -- None -- | Y12: Bloomberg | Z12: 1 | AA12: =+AA11 -> 2
A13: 8Y | B13: 8 Years | C13: 8.122 | D13: 45159 | E13: 0.76720632 | F13: 0 | G13: 0.775 | H13: 0.755 | I13: 0.795 | J13: 42235 | K13: Yield | L13: Simple | M13: 30/360 | N13: 0 | O13: Provider | P13: 42233.415 | Q13: /BSYM/ICPL/EUSA8 | R13: Last Ask | S13: Last Bid | T13: Bloomberg | U13: 0 | W13: -- None -- | X13: -- None -- | Y13: Bloomberg | Z13: 1 | AA13: =+AA12 -> 2
A14: 9Y | B14: 9 Years | C14: 9.133 | D14: 45523 | E14: 0.87998105 | F14: 0 | G14: 0.887 | H14: 0.867 | I14: 0.907 | J14: 42235 | K14: Yield | L14: Simple | M14: 30/360 | N14: 0 | O14: Provider | P14: 42233.415 | Q14: /BSYM/ICPL/EUSA9 | R14: Last Ask | S14: Last Bid | T14: Bloomberg | U14: 0 | W14: -- None -- | X14: -- None -- | Y14: Bloomberg | Z14: 1 | AA14: =+AA13 -> 2
A15: 10Y | B15: 10 Years | C15: 10.147 | D15: 45888 | E15: 0.98006818 | F15: 0 | G15: 0.985 | H15: 0.965 | I15: 1.005 | J15: 42235 | K15: Yield | L15: Simple | M15: 30/360 | N15: 0 | O15: Provider | P15: 42233.415 | Q15: /BSYM/ICPL/EUSA10 | R15: Last Ask | S15: Last Bid | T15: Bloomberg | U15: 0 | W15: -- None -- | X15: -- None -- | Y15: Bloomberg | Z15: 1 | AA15: =+AA14 -> 2
... A39: 60Y | B39: 60 Years | C39: 60.875 | D39: 64150 | E39: 1.4228881 | F39: 0 | G39: 1.454 | H39: 1.434 | I39: 1.474 | J39: 42235 | K39: Yield | L39: Simple | M39: 30/360 | N39: 0 | O39: Provider | P39: 42233.415 | Q39: /BSYM/ICPL/EUSA60 | R39: Last Ask | S39: Last Bid | T39: Bloomberg | U39: 0 | W39: -- None -- | X39: -- None -- | Y39: Bloomberg | Z39: 1 | AA39: =+AA38 -> 2

Sheet Step3_EUR6M_Config_Depo
J8: Funzione/Parametri | L8: id of object to be created | M8: deposit quote. In % | N8: deposit length (e.g. 3M for three months). | O8: fixing days (e.g. 2). | P8: holiday calendar (e.g. TARGET). | Q8: business day convention (e.g. Modified Following). | R8: End of Month rule (TRUE for end of month to end of month termination date, FALSE otherwise). | S8: DayCounter ID. | T8: object permanent/nonpermanent | U8: dependency tracking trigger | V8: overwrite flag
A9: qlDepositRateHelper2 | K9: Error | L9: ObjectId | M9: Rate | N9: Tenor | O9: FixingDays | P9: Calendar | Q9: Convention | R9: EndOfMonth | S9: DayCounter | T9: Permanent | U9: Trigger | V9: Overwrite | W9: configurazione curva EONIA - Sezione Tassi di Deposito
J10: =_xll.qlDepositRateHelper2("EUR6M"&L10,M10,N10,O10,P10,Q10,R10,S10) -> EUR6M6M#0014 | K10: =_xll.ohRangeRetrieveError(J10) | L10: =W10 -> 6M | M10: =VLOOKUP($L10,Step_2_Eur6m_settings!$A$3:$AA$40,7,FALSE)/100 -> 0.00046 | N10: 6M | O10: =VLOOKUP($L10,Step_2_Eur6m_settings!$A$3:$AA$40,27,FALSE) -> 2 | P10: TARGET | Q10: Modified Following | R10: TRUE | S10: Actual/360 | W10: =+Step_2_Eur6m_settings!A3 -> 6M
A11: string returnValue
A12: qlDepositRateHelper2(
A13: string ObjectId
A14: string Rate
A15: string Tenor
A16: long FixingDays
A17: string Calendar
A18: string Convention
A19: bool EndOfMonth
A20: string DayCounter
A21: bool Permanent
A22: any Trigger
... A33: Parameters
A34: ObjectId | B34: id of object to be created
A35: Rate | B35: deposit quote.
A36: Tenor | B36: deposit length (e.g. 3M for three months).
A37: FixingDays | B37: fixing days (e.g. 2).
A38: Calendar | B38: holiday calendar (e.g. TARGET).
A39: Convention | B39: business day convention (e.g. Modified Following).
A40: EndOfMonth | B40: End of Month rule (TRUE for end of month to end of month termination date, FALSE otherwise).
A41: DayCounter | B41: DayCounter ID.
A42: Permanent | B42: object permanent/nonpermanent
A43: Trigger | B43: dependency tracking trigger
A44: Overwrite | B44: overwrite flag

Sheet Step4_Eur6m_Config_FRAs
A1: qlFraRateHelper2
A3: string returnValue
A4: qlFraRateHelper2(
A5: string ObjectId
A6: string Rate
A7: string PeriodToStart
A8: long LengthInMonths
A9: long FixingDays
A10: string Calendar
A11: string Convention
A12: bool EndOfMonth
A13: string DayCounter
... A22: Supported Platforms:
A24: C++, Calc, Excel | H24: ObjectId | I24: Rate | J24: PeriodToStart | K24: LengthInMonths | L24: FixingDays | M24: Calendar | N24: Convention | O24: EndOfMonth | P24: DayCounter | Q24: Permanent | R24: Trigger | S24: Overwrite
F25: =_xll.qlFraRateHelper2("EUR6m"&H25,I25,J25,K25,L25,M25,N25,O25,P25) -> EUR6m3M/9M#0014 | G25: =_xll.ohRangeRetrieveError(F25) | H25: =+T25 -> 3M/9M | I25: =VLOOKUP($H25,Step_2_Eur6m_settings!$A$3:$AA$40,7,FALSE)/100 -> 0.00043 | J25: 3M | K25: 6 | L25: 2 | M25: TARGET | N25: Modified Following | O25: TRUE | P25: Actual/360 | T25: 3M/9M
A26: Parameters | F26: =_xll.qlFraRateHelper2("EUR6m"&H26,I26,J26,K26,L26,M26,N26,O26,P26) -> EUR6m6M/1Y#0014 | G26: =_xll.ohRangeRetrieveError(F26) | H26: =+T26 -> 6M/1Y | I26: =VLOOKUP($H26,Step_2_Eur6m_settings!$A$3:$AA$40,7,FALSE)/100 -> 0.0005 | J26: 6M | K26: 6 | L26: 2 | M26: TARGET | N26: Modified Following | O26: TRUE | P26: Actual/360 | T26: 6M/1Y
A27: ObjectId | B27: id of object to be created | F27: =_xll.qlFraRateHelper2("EUR6m"&H27,I27,J27,K27,L27,M27,N27,O27,P27) -> EUR6m1Y/18M#0014 | G27: =_xll.ohRangeRetrieveError(F27) | H27: =+T27 -> 1Y/18M | I27: =VLOOKUP($H27,Step_2_Eur6m_settings!$A$3:$AA$40,7,FALSE)/100 -> 0.00088 | J27: 1Y | K27: 6 | L27: 2 | M27: TARGET | N27: Modified Following | O27: TRUE | P27: Actual/360 | T27: 1Y/18M
A28: Rate | B28: quote. | F28: =_xll.qlFraRateHelper2("EUR6m"&H28,I28,J28,K28,L28,M28,N28,O28,P28) -> EUR6m18M/2Y#0014 | G28: =_xll.ohRangeRetrieveError(F28) | H28: =+T28 -> 18M/2Y | I28: =VLOOKUP($H28,Step_2_Eur6m_settings!$A$3:$AA$40,7,FALSE)/100 -> 0.00163 | J28: 18M | K28: 6 | L28: 2 | M28: TARGET | N28: Modified Following | O28: TRUE | P28: Actual/360 | T28: 18M/2Y
A29: PeriodToStart | B29: Period to start date.
A30: LengthInMonths | B30: months to end.
A31: FixingDays | B31: fixing days (e.g. 2).
A32: Calendar | B32: holiday calendar (e.g. TARGET).
A33: Convention | B33: business day convention (e.g. Modified Following).
A34: EndOfMonth | B34: End of Month rule (TRUE for end of month to end of month termination date, FALSE otherwise).
A35: DayCounter | B35: DayCounter ID.
A36: Permanent | B36: object permanent/nonpermanent
A37: Trigger | B37: dependency tracking trigger
A38: Overwrite | B38: overwrite flag

Sheet Step5_Eur6M_Config_Swap
A1: qlSwapRateHelper2
A3: string returnValue
A4: qlSwapRateHelper2(
A5: string ObjectId
A6: string Rate
A7: string Tenor
A8: string Calendar
A9: string FixedLegFrequency
A10: string FixedLegConvention
A11: string FixedLegDayCounter
A12: string IborIndex
A13: string Spread
... A26: C++, Calc, Excel
A28: Parameters | I28: Funzione/Parametri | J28: Error | K28: ObjectId | L28: Rate | M28: Tenor | N28: Calendar | O28: FixedLegFrequency | P28: FixedLegConvention | Q28: FixedLegDayCounter | R28: IborIndex | S28: Spread | T28: ForwardStart | U28: DiscountingCurve
A29: ObjectId | B29: id of object to be created | I29: {=_xll.qlSwapRateHelper2("EUR6M"&K29,L29,M29,N29,O29,P29,Q29,R29,S29,T29,U29)} -> EUR6M3Y#0010 | J29: =_xll.ohRangeRetrieveError(I29) | K29: =+W29 -> 3Y | L29: =VLOOKUP(K29,Step_2_Eur6m_settings!$A$8:$AA$39,7,FALSE)/100 -> 0.00166 | M29: =+K29 -> 3Y | N29: Target | O29: Annual | P29: Modified Following | Q29: 30/360 (Italian) | R29: =+Step_1_Euribor6M!$C$1 -> Euribor6M#0014 | S29: 0 | T29: 0D | U29: =+Step6_Bootstrap!$F$20 -> EONIACurve#0010 | W29: 3Y
I30: {=_xll.qlSwapRateHelper2("EUR6M"&K30,L30,M30,N30,O30,P30,Q30,R30,S30,T30,U30)} -> EUR6M4Y#0010 | J30: =_xll.ohRangeRetrieveError(I30) | K30: =+W30 -> 4Y | L30: =VLOOKUP(K30,Step_2_Eur6m_settings!$A$8:$AA$39,7,FALSE)/100 -> 0.00273 | M30: =+K30 -> 4Y | N30: Target | O30: Annual | P30: Modified Following | Q30: 30/360 (Italian) | R30: =+Step_1_Euribor6M!$C$1 -> Euribor6M#0014 | S30: 0 | T30: 0D | U30: =+Step6_Bootstrap!$F$20 -> EONIACurve#0010 | W30: 4Y
I31: {=_xll.qlSwapRateHelper2("EUR6M"&K31,L31,M31,N31,O31,P31,Q31,R31,S31,T31,U31)} -> EUR6M5Y#0010 | J31: =_xll.ohRangeRetrieveError(I31) | K31: =+W31 -> 5Y | L31: =VLOOKUP(K31,Step_2_Eur6m_settings!$A$8:$AA$39,7,FALSE)/100 -> 0.00395 | M31: =+K31 -> 5Y | N31: Target | O31: Annual | P31: Modified Following | Q31: 30/360 (Italian) | R31: =+Step_1_Euribor6M!$C$1 -> Euribor6M#0014 | S31: 0 | T31: 0D | U31: =+Step6_Bootstrap!$F$20 -> EONIACurve#0010 | W31: 5Y
I32: {=_xll.qlSwapRateHelper2("EUR6M"&K32,L32,M32,N32,O32,P32,Q32,R32,S32,T32,U32)} -> EUR6M6Y#0010 | J32: =_xll.ohRangeRetrieveError(I32) | K32: =+W32 -> 6Y | L32: =VLOOKUP(K32,Step_2_Eur6m_settings!$A$8:$AA$39,7,FALSE)/100 -> 0.00522 | M32: =+K32 -> 6Y | N32: Target | O32: Annual | P32: Modified Following | Q32: 30/360 (Italian) | R32: =+Step_1_Euribor6M!$C$1 -> Euribor6M#0014 | S32: 0 | T32: 0D | U32: =+Step6_Bootstrap!$F$20 -> EONIACurve#0010 | W32: 6Y
I33: {=_xll.qlSwapRateHelper2("EUR6M"&K33,L33,M33,N33,O33,P33,Q33,R33,S33,T33,U33)} -> EUR6M7Y#0010 | J33: =_xll.ohRangeRetrieveError(I33) | K33: =+W33 -> 7Y | L33: =VLOOKUP(K33,Step_2_Eur6m_settings!$A$8:$AA$39,7,FALSE)/100 -> 0.00652 | M33: =+K33 -> 7Y | N33: Target | O33: Annual | P33: Modified Following | Q33: 30/360 (Italian) | R33: =+Step_1_Euribor6M!$C$1 -> Euribor6M#0014 | S33: 0 | T33: 0D | U33: =+Step6_Bootstrap!$F$20 -> EONIACurve#0010 | W33: 7Y
I34: {=_xll.qlSwapRateHelper2("EUR6M"&K34,L34,M34,N34,O34,P34,Q34,R34,S34,T34,U34)} -> EUR6M8Y#0010 | J34: =_xll.ohRangeRetrieveError(I34) | K34: =+W34 -> 8Y | L34: =VLOOKUP(K34,Step_2_Eur6m_settings!$A$8:$AA$39,7,FALSE)/100 -> 0.00775 | M34: =+K34 -> 8Y | N34: Target | O34: Annual | P34: Modified Following | Q34: 30/360 (Italian) | R34: =+Step_1_Euribor6M!$C$1 -> Euribor6M#0014 | S34: 0 | T34: 0D | U34: =+Step6_Bootstrap!$F$20 -> EONIACurve#0010 | W34: 8Y
I35: {=_xll.qlSwapRateHelper2("EUR6M"&K35,L35,M35,N35,O35,P35,Q35,R35,S35,T35,U35)} -> EUR6M9Y#0010 | J35: =_xll.ohRangeRetrieveError(I35) | K35: =+W35 -> 9Y | L35: =VLOOKUP(K35,Step_2_Eur6m_settings!$A$8:$AA$39,7,FALSE)/100 -> 0.00887 | M35: =+K35 -> 9Y | N35: Target | O35: Annual | P35: Modified Following | Q35: 30/360 (Italian) | R35: =+Step_1_Euribor6M!$C$1 -> Euribor6M#0014 | S35: 0 | T35: 0D | U35: =+Step6_Bootstrap!$F$20 -> EONIACurve#0010 | W35: 9Y
I36: {=_xll.qlSwapRateHelper2("EUR6M"&K36,L36,M36,N36,O36,P36,Q36,R36,S36,T36,U36)} -> EUR6M10Y#0010 | J36: =_xll.ohRangeRetrieveError(I36) | K36: =+W36 -> 10Y | L36: =VLOOKUP(K36,Step_2_Eur6m_settings!$A$8:$AA$39,7,FALSE)/100 -> 0.00985 | M36: =+K36 -> 10Y | N36: Target | O36: Annual | P36: Modified Following | Q36: 30/360 (Italian) | R36: =+Step_1_Euribor6M!$C$1 -> Euribor6M#0014 | S36: 0 | T36: 0D | U36: =+Step6_Bootstrap!$F$20 -> EONIACurve#0010 | W36: 10Y
I37: {=_xll.qlSwapRateHelper2("EUR6M"&K37,L37,M37,N37,O37,P37,Q37,R37,S37,T37,U37)} -> EUR6M11Y#0010 | J37: =_xll.ohRangeRetrieveError(I37) | K37: =+W37 -> 11Y | L37: =VLOOKUP(K37,Step_2_Eur6m_settings!$A$8:$AA$39,7,FALSE)/100 -> 0.01072 | M37: =+K37 -> 11Y | N37: Target | O37: Annual | P37: Modified Following | Q37: 30/360 (Italian) | R37: =+Step_1_Euribor6M!$C$1 -> Euribor6M#0014 | S37: 0 | T37: 0D | U37: =+Step6_Bootstrap!$F$20 -> EONIACurve#0010 | W37: 11Y
I38: {=_xll.qlSwapRateHelper2("EUR6M"&K38,L38,M38,N38,O38,P38,Q38,R38,S38,T38,U38)} -> EUR6M12Y#0010 | J38: =_xll.ohRangeRetrieveError(I38) | K38: =+W38 -> 12Y | L38: =VLOOKUP(K38,Step_2_Eur6m_settings!$A$8:$AA$39,7,FALSE)/100 -> 0.01148 | M38: =+K38 -> 12Y | N38: Target | O38: Annual | P38: Modified Following | Q38: 30/360 (Italian) | R38: =+Step_1_Euribor6M!$C$1 -> Euribor6M#0014 | S38: 0 | T38: 0D | U38: =+Step6_Bootstrap!$F$20 -> EONIACurve#0010 | W38: 12Y
I39: {=_xll.qlSwapRateHelper2("EUR6M"&K39,L39,M39,N39,O39,P39,Q39,R39,S39,T39,U39)} -> EUR6M13Y#0010 | J39: =_xll.ohRangeRetrieveError(I39) | K39: =+W39 -> 13Y | L39: =VLOOKUP(K39,Step_2_Eur6m_settings!$A$8:$AA$39,7,FALSE)/100 -> 0.01214 | M39: =+K39 -> 13Y | N39: Target | O39: Annual | P39: Modified Following | Q39: 30/360 (Italian) | R39: =+Step_1_Euribor6M!$C$1 -> Euribor6M#0014 | S39: 0 | T39: 0D | U39: =+Step6_Bootstrap!$F$20 -> EONIACurve#0010 | W39: 13Y
I40: {=_xll.qlSwapRateHelper2("EUR6M"&K40,L40,M40,N40,O40,P40,Q40,R40,S40,T40,U40)} -> EUR6M14Y#0010 | J40: =_xll.ohRangeRetrieveError(I40) | K40: =+W40 -> 14Y | L40: =VLOOKUP(K40,Step_2_Eur6m_settings!$A$8:$AA$39,7,FALSE)/100 -> 0.01269 | M40: =+K40 -> 14Y | N40: Target | O40: Annual | P40: Modified Following | Q40: 30/360 (Italian) | R40: =+Step_1_Euribor6M!$C$1 -> Euribor6M#0014 | S40: 0 | T40: 0D | U40: =+Step6_Bootstrap!$F$20 -> EONIACurve#0010 | W40: 14Y
I41: {=_xll.qlSwapRateHelper2("EUR6M"&K41,L41,M41,N41,O41,P41,Q41,R41,S41,T41,U41)} -> EUR6M15Y#0010 | J41: =_xll.ohRangeRetrieveError(I41) | K41: =+W41 -> 15Y | L41: =VLOOKUP(K41,Step_2_Eur6m_settings!$A$8:$AA$39,7,FALSE)/100 -> 0.01316 | M41: =+K41 -> 15Y | N41: Target | O41: Annual | P41: Modified Following | Q41: 30/360 (Italian) | R41: =+Step_1_Euribor6M!$C$1 -> Euribor6M#0014 | S41: 0 | T41: 0D | U41: =+Step6_Bootstrap!$F$20 -> EONIACurve#0010 | W41: 15Y
... I60: {=_xll.qlSwapRateHelper2("EUR6M"&K60,L60,M60,N60,O60,P60,Q60,R60,S60,T60,U60)} -> EUR6M60Y#0010 | J60: =_xll.ohRangeRetrieveError(I60) | K60: =+W60 -> 60Y | L60: =VLOOKUP(K60,Step_2_Eur6m_settings!$A$8:$AA$39,7,FALSE)/100 -> 0.01454 | M60: =+K60 -> 60Y | N60: Target | O60: Annual | P60: Modified Following | Q60: 30/360 (Italian) | R60: =+Step_1_Euribor6M!$C$1 -> Euribor6M#0014 | S60: 0 | T60: 0D | U60: =+Step6_Bootstrap!$F$20 -> EONIACurve#0010 | W60: 60Y

Sheet Ste6_Eur6M_RateHelperSelection
A1: qlRateHelperSelection
A3: vector<string> returnValue
A4: qlRateHelperSelection(
A5: vector<string> RateHelpers
A6: vector<long> Priority
A7: long NImmFutures
A8: long NSerialFutures
A9: long FutureRollDays
A10: string DepoInclusion
A11: vector<long> MinDistance
A12: any Trigger)
I13: NImmFutures
A14: Description: | I14: NSerialFutures
I15: FutureRollDays
A16: selects rate helpers for bootstrapping. | I16: DepoInclusion | K16: AllDepos
I17: MinDistance
A18: Supported Platforms: | I18: Trigger
A20: Excel
A22: Parameters
A23: RateHelpers | B23: vector of RateHelper IDs. | E23: RateHelpers | F23: Priority | G23: Min distance
A24: Priority | B24: vector of priority integers (higher number for higher priority). | E24: =+Step3_EUR6M_Config_Depo!J10 -> EUR6M6M#0014 | F24: 1 | G24: 1 | H24: {=_xll.qlRateHelperSelection(E24:E60,F24:F60,K13,K14,K15,K16,G24:G60)} -> EUR6M6M | I24: 1
A25: NImmFutures | B25: max number of IMM (March, June, September, December) Futures to be included. | E25: =+Step4_Eur6m_Config_FRAs!F25 -> EUR6m3M/9M#0014 | F25: 1 | G25: 1 | H25: EUR6m3M/9M | I25: =+I24+1 -> 2
A26: NSerialFutures | B26: max number of Serial (January, February, April, May, July, August, October, November) Futures to be included. | E26: =+Step4_Eur6m_Config_FRAs!F26 -> EUR6m6M/1Y#0014 | F26: 1 | G26: 1 | H26: EUR6m6M/1Y | I26: =+I25+1 -> 3
A27: FutureRollDays | B27: discard the front Futures the given number of (positive) days before its expiry (e.g zero implies the use of the front Futures during its expiry day). Default value = 2. | E27: =+Step4_Eur6m_Config_FRAs!F27 -> EUR6m1Y/18M#0014 | F27: 1 | G27: 1 | H27: EUR6m1Y/18M | I27: =+I26+1 -> 4
A28: DepoInclusion | B28: Depo inclusion criteria. Default value = AllDepos. | E28: =+Step4_Eur6m_Config_FRAs!F28 -> EUR6m18M/2Y#0014 | F28: 1 | G28: 1 | H28: EUR6m18M/2Y | I28: =+I27+1 -> 5
A29: MinDistance | B29: minimum distance in (positive) days from near instruments. Default value = 1. | E29: =+Step5_Eur6M_Config_Swap!I29 -> EUR6M3Y#0010 | F29: 1 | G29: 1 | H29: EUR6M3Y | I29: =+I28+1 -> 6
A30: Trigger | B30: dependency tracking trigger | E30: =+Step5_Eur6M_Config_Swap!I30 -> EUR6M4Y#0010 | F30: 1 | G30: 1 | H30: EUR6M4Y | I30: =+I29+1 -> 7
E31: =+Step5_Eur6M_Config_Swap!I31 -> EUR6M5Y#0010 | F31: 1 | G31: 1 | H31: EUR6M5Y | I31: =+I30+1 -> 8
E32: =+Step5_Eur6M_Config_Swap!I32 -> EUR6M6Y#0010 | F32: 1 | G32: 1 | H32: EUR6M6Y | I32: =+I31+1 -> 9
E33: =+Step5_Eur6M_Config_Swap!I33 -> EUR6M7Y#0010 | F33: 1 | G33: 1 | H33: EUR6M7Y | I33: =+I32+1 -> 10
E34: =+Step5_Eur6M_Config_Swap!I34 -> EUR6M8Y#0010 | F34: 1 | G34: 1 | H34: EUR6M8Y | I34: =+I33+1 -> 11
E35: =+Step5_Eur6M_Config_Swap!I35 -> EUR6M9Y#0010 | F35: 1 | G35: 1 | H35: EUR6M9Y | I35: =+I34+1 -> 12
E36: =+Step5_Eur6M_Config_Swap!I36 -> EUR6M10Y#0010 | F36: 1 | G36: 1 | H36: EUR6M10Y | I36: =+I35+1 -> 13
E37: =+Step5_Eur6M_Config_Swap!I37 -> EUR6M11Y#0010 | F37: 1 | G37: 1 | H37: EUR6M11Y | I37: =+I36+1 -> 14
E38: =+Step5_Eur6M_Config_Swap!I38 -> EUR6M12Y#0010 | F38: 1 | G38: 1 | H38: EUR6M12Y | I38: =+I37+1 -> 15
E39: =+Step5_Eur6M_Config_Swap!I39 -> EUR6M13Y#0010 | F39: 1 | G39: 1 | H39: EUR6M13Y | I39: =+I38+1 -> 16
E40: =+Step5_Eur6M_Config_Swap!I40 -> EUR6M14Y#0010 | F40: 1 | G40: 1 | H40: EUR6M14Y | I40: =+I39+1 -> 17
E41: =+Step5_Eur6M_Config_Swap!I41 -> EUR6M15Y#0010 | F41: 1 | G41: 1 | H41: EUR6M15Y | I41: =+I40+1 -> 18
E42: =+Step5_Eur6M_Config_Swap!I42 -> EUR6M16Y#0010 | F42: 1 | G42: 1 | H42: EUR6M16Y | I42: =+I41+1 -> 19
... E49: =+Step5_Eur6M_Config_Swap!I49 -> EUR6M23Y#0010 | F49: 1 | G49: 1 | H49: EUR6M23Y | I49: =+I48+1 -> 26
E50: =+Step5_Eur6M_Config_Swap!I50 -> EUR6M24Y#0010 | F50: 1 | G50: 1 | H50: EUR6M24Y | I50: =+I49+1 -> 27 | K50: id of object to be created
E51: =+Step5_Eur6M_Config_Swap!I51 -> EUR6M25Y#0010 | F51: 1 | G51: 1 | H51: EUR6M25Y | I51: =+I50+1 -> 28 | K51: number of days to advance from EvaluationDate (usually zero or two): it fixes the date at which the discount factor = 1.0. Default value = 0.
E52: =+Step5_Eur6M_Config_Swap!I52 -> EUR6M26Y#0010 | F52: 1 | G52: 1 | H52: EUR6M26Y | I52: =+I51+1 -> 29 | K52: holiday calendar (e.g. TARGET) to advance from global EvaluationDate.
E53: =+Step5_Eur6M_Config_Swap!I53 -> EUR6M27Y#0010 | F53: 1 | G53: 1 | H53: EUR6M27Y | I53: =+I52+1 -> 30 | K53: vector of rate-helpers.
E54: =+Step5_Eur6M_Config_Swap!I54 -> EUR6M28Y#0010 | F54: 1 | G54: 1 | H54: EUR6M28Y | I54: =+I53+1 -> 31 | K54: DayCounter ID. Default value = Actual/365 (Fixed).
E55: =+Step5_Eur6M_Config_Swap!I55 -> EUR6M29Y#0010 | F55: 1 | G55: 1 | H55: EUR6M29Y | I55: =+I54+1 -> 32 | K55: Jump quotes vector.
E56: =+Step5_Eur6M_Config_Swap!I56 -> EUR6M30Y#0010 | F56: 1 | G56: 1 | H56: EUR6M30Y | I56: =+I55+1 -> 33 | K56: Jump dates vector.
E57: =+Step5_Eur6M_Config_Swap!I57 -> EUR6M35Y#0010 | F57: 1 | G57: 1 | H57: EUR6M35Y | I57: =+I56+1 -> 34 | K57: Bootstrapping accuracy. Default value = 1.0e-12.
E58: =+Step5_Eur6M_Config_Swap!I58 -> EUR6M40Y#0010 | F58: 1 | G58: 1 | H58: EUR6M40Y | I58: =+I57+1 -> 35 | K58: Discount, ZeroRate, or ForwardRate. Default value = Discount.
E59: =+Step5_Eur6M_Config_Swap!I59 -> EUR6M50Y#0010 | F59: 1 | G59: 1 | H59: EUR6M50Y | I59: =+I58+1 -> 36 | K59: BackwardFlat, ForwardFlat, Linear, LogLinear, CubicSpline, or LogCubic. Default value = LogLinear.
E60: =+Step5_Eur6M_Config_Swap!I60 -> EUR6M60Y#0010 | F60: 1 | G60: 1 | H60: EUR6M60Y | I60: =+I59+1 -> 37 | K60: object permanent/nonpermanent
E61: =+Step5_Eur6M_Config_Swap!I61 -> 0 | F61: 1 | G61: 1 | K61: dependency tracking trigger
E62: =+Step5_Eur6M_Config_Swap!I62 -> 0 | F62: 1 | G62: 1 | K62: overwrite flag

Sheet Step7_Eur6M_Bootstrap
A1: http://quantlib.org/quantlibxl/
A3: qlPiecewiseYieldCurve
A5: string returnValue
A6: qlPiecewiseYieldCurve(
A7: string ObjectId
A8: long NDays
A9: string Calendar
A10: vector<string> RateHelpers
A11: string DayCounter
A12: vector<string> Jumps
A13: vector<long> JumpDates
A14: double Accuracy
... A18: any Trigger
A19: bool Overwrite) | H19: =_xll.ohRangeRetrieveError(H21) | I19: =_xll.ohRangeRetrieveError(I21)
E20: PiecewiseYieldCurve | F20: {=_xll.qlPiecewiseYieldCurve(F22,F23,F24,_xll.ohPack(Ste6_Eur6M_RateHelperSelection!H24:H60),F25,,,F28,F26,F27,F29,F30)} -> Swap_6M#0010 | H20: Date | I20: Data | K20: Mat. Date | L20: Start Date | M20: Discount Factor
A21: Description: | E21: Error | F21: =_xll.ohRangeRetrieveError(F20) | H21: {=_xll.qlPiecewiseYieldCurveDates(F20)} -> 42235 | I21: {=_xll.qlPiecewiseYieldCurveData(F20)} -> 1 | K21: 42419 | L21: 42235 | M21: 0.99976494
E22: ObjectID | F22: Swap_6M | H22: 42419 | I22: 0.99976494 | K22: 42509 | L22: 42235 | M22: 0.99966515
A23: Construct an object of class PiecewiseYieldCurve and return its id | E23: NDays | F23: 2 | H23: 42509 | I23: 0.99966515 | K23: 42601 | L23: 42235 | M23: 0.99951229
E24: Calendar | F24: TARGET | H24: 42601 | I24: 0.99951229 | K24: 42786 | L24: 42235 | M24: 0.99906049
A25: Supported Platforms: | E25: DayCounter | F25: Actual/360 | H25: 42786 | I25: 0.99906049 | K25: 42968 | L25: 42235 | M25: 0.99823789
E26: TraitsID | F26: Discount | H26: 42968 | I26: 0.99823789 | K26: 43332 | L26: 42235 | M26: 0.99503422
A27: C++, Calc, Excel | E27: InterpolatorID | F27: LogLinear | H27: 43332 | I27: 0.99503133 | K27: 43696 | L27: 42235 | M27: 0.98914926
E28: Accuracy | H28: 43696 | I28: 0.98914637 | K28: 44062 | L28: 42235 | M28: 0.98045527
A29: Parameters | E29: Permanent | H29: 44062 | I29: 0.98044323 | K29: 44427 | L29: 42235 | M29: 0.96916182
A30: ObjectId | B30: id of object to be created | E30: Trigger | H30: 44427 | I30: 0.96912639 | K30: 44792 | L30: 42235 | M30: 0.95529376
A31: NDays | B31: number of days to advance from EvaluationDate (usually zero or two): it fixes the date at which the discount factor = 1.0. Default value = 0. | H31: 44792 | I31: 0.95525034 | K31: 45159 | L31: 42235 | M31: 0.93958762
A32: Calendar | B32: holiday calendar (e.g. TARGET) to advance from global EvaluationDate. | E32: TermStructureCalendar | F32: =_xll.qlTermStructureCalendar($F$20) -> TARGET | H32: 45159 | I32: 0.93953595 | K32: 45523 | L32: 42235 | M32: 0.92277338
A33: RateHelpers | B33: vector of rate-helpers. | E33: TermStructureDayCounter | F33: =_xll.qlTermStructureDayCounter($F$20) -> Actual/360 | H33: 45523 | I33: 0.92271421 | K33: 45888 | L33: 42235 | M33: 0.90533549
A34: DayCounter | B34: DayCounter ID. Default value = Actual/365 (Fixed). | E34: TermStructureReferenceDate | F34: =_xll.qlTermStructureReferenceDate($F$20) -> 42235 | H34: 45888 | I34: 0.90531545 | K34: 46253 | L34: 42235 | M34: 0.88757579
A35: Jumps | B35: Jump quotes vector. | D35: =_xll.ohRangeRetrieveError(F35) | E35: TermStructureMaxDate | F35: =_xll.qlTermStructureMaxDate(F20,F34) -> 64150 | H35: 46253 | I35: 0.88749806 | K35: 46618 | L35: 42235 | M35: 0.86968072
A36: JumpDates | B36: Jump dates vector. | E36: TermStructureSettlementDays | F36: =_xll.qlTermStructureSettlementDays($F$20) -> 2 | H36: 46618 | I36: 0.86959834 | K36: 46986 | L36: 42235 | M36: 0.8518576
A37: Accuracy | B37: Bootstrapping accuracy. Default value = 1.0e-12. | E37: YieldTSDiscount | F37: =_xll.qlYieldTSDiscount(F20,F34) -> 1 | H37: 46986 | I37: 0.85176095 | K37: 47350 | L37: 42235 | M37: 0.83464554
A38: TraitsID | B38: Discount, ZeroRate, or ForwardRate. Default value = Discount. | E38: YieldTSForwardRate | H38: 47350 | I38: 0.83453721 | K38: 47714 | L38: 42235 | M38: 0.81782005
A39: InterpolatorID | B39: BackwardFlat, ForwardFlat, Linear, LogLinear, CubicSpline, or LogCubic. Default value = LogLinear. | E39: YieldTSZeroRate | H39: 47714 | I39: 0.81772765 | K39: 48079 | L39: 42235 | M39: 0.80147542
A40: Permanent | B40: object permanent/nonpermanent | H40: 48079 | I40: 0.8013688 | K40: 48445 | L40: 42235 | M40: 0.78580234
A41: Trigger | B41: dependency tracking trigger | H41: 48445 | I41: 0.78566793 | K41: 48810 | L41: 42235 | M41: 0.77093141
A42: Overwrite | B42: overwrite flag | H42: 48810 | I42: 0.77078932 | K42: 49177 | L42: 42235 | M42: 0.75647723
H43: 49177 | I43: 0.7563325 | K43: 49541 | L43: 42235 | M43: 0.74302206
H44: 49541 | I44: 0.74288255 | K44: 49906 | L44: 42235 | M44: 0.73024577
H45: 49906 | I45: 0.73011038 | K45: 50271 | L45: 42235 | M45: 0.71802301
H46: 50271 | I46: 0.71788604 | K46: 50636 | L46: 42235 | M46: 0.70643612
H47: 50636 | I47: 0.70629602 | K47: 51001 | L47: 42235 | M47: 0.69533194
H48: 51001 | I48: 0.69519404 | K48: 51368 | L48: 42235 | M48: 0.68451452
H49: 51368 | I49: 0.68437974 | K49: 51732 | L49: 42235 | M49: 0.67408485
H50: 51732 | I50: 0.67395143 | K50: 52097 | L50: 42235 | M50: 0.6635342
H51: 52097 | I51: 0.66340162 | K51: 52462 | L51: 42235 | M51: 0.65332804
H52: 52462 | I52: 0.65319537 | K52: 52828 | L52: 42235 | M52: 0.64324556
H53: 52828 | I53: 0.643114 | K53: 53195 | L53: 42235 | M53: 0.63323474
H54: 53195 | I54: 0.6331042 | K54: 53559 | L54: 42235 | M54: 0.62330889
... H58: 64150 | I58: 0.42043615 | K58: 55019 | L58: 42235 | M58: 0.58505265
H59: #N/A | I59: #N/A | K59: 55386 | L59: 42235 | M59: 0.5762483
H60: #N/A | I60: #N/A | K60: 55750 | L60: 42235 | M60: 0.56764679
H61: #N/A | I61: #N/A | K61: 56115 | L61: 42235 | M61: 0.55915058
H62: #N/A | I62: #N/A | K62: 56480 | L62: 42235 | M62: 0.55078154
H63: #N/A | I63: #N/A | K63: 56845 | L63: 42235 | M63: 0.54255484
H64: #N/A | I64: #N/A | K64: 57213 | L64: 42235 | M64: 0.53592872
H65: #N/A | I65: #N/A | K65: 57577 | L65: 42235 | M65: 0.52945423
H66: #N/A | I66: #N/A | K66: 57941 | L66: 42235 | M66: 0.52305796
H67: #N/A | I67: #N/A | K67: 58306 | L67: 42235 | M67: 0.51672171
H68: #N/A | I68: #N/A | K68: 58672 | L68: 42235 | M68: 0.51044516
H69: #N/A | I69: #N/A | K69: 59037 | L69: 42235 | M69: 0.5042617
H70: #N/A | I70: #N/A | K70: 59404 | L70: 42235 | M70: 0.49811988
... H77: #N/A | I77: #N/A | K77: 61959 | L77: 42235 | M77: 0.45541815
K78: 62324 | L78: 42235 | M78: 0.44941233
K79: 62689 | L79: 42235 | M79: 0.44348572
K80: 63055 | L80: 42235 | M80: 0.43762134
K81: 63422 | L81: 42235 | M81: 0.43181881
K82: 63786 | L82: 42235 | M82: 0.4261397
K83: 64150 | L83: 42235 | M83: 0.4205537
K84: 58300 | L84: 42229 | M84: 0.52412461
K85: 58666 | L85: 42229 | M85: 0.51749896
K86: 59033 | L86: 42229 | M86: 0.51097443
K87: 59397 | L87: 42229 | M87: 0.50461854
K88: 59761 | L88: 42229 | M88: 0.49837579
K89: 60127 | L89: 42229 | M89: 0.492211
... K100: 64144 | L100: 42229 | M100: 0.42371577

Sheet TassoDeposito_EONIA
B1: data di analisi | C1: =+'Versione&Data'!A5 -> 42233
B4: =+Step_3_ConfigDepositi!J9 -> 0 | C4: =+Step_3_ConfigDepositi!K9 -> Error | D4: =+Step_3_ConfigDepositi!L9 -> ObjectId | E4: =+Step_3_ConfigDepositi!M9 -> Rate | F4: =+Step_3_ConfigDepositi!N9 -> Tenor | G4: =+Step_3_ConfigDepositi!O9 -> FixingDays | H4: =+Step_3_ConfigDepositi!P9 -> Calendar | I4: =+Step_3_ConfigDepositi!Q9 -> Convention | ... M4: =+Step_3_ConfigDepositi!U9 -> Trigger
B5: =+Step_3_ConfigDepositi!J15 -> 3W#0014 | C5: =+Step_3_ConfigDepositi!K15 | D5: =+Step_3_ConfigDepositi!L15 -> 3W | E5: =+Step_3_ConfigDepositi!M15 -> -0.00126 | F5: =+Step_3_ConfigDepositi!N15 -> 3W | G5: =+Step_3_ConfigDepositi!O15 -> 2 | H5: =+Step_3_ConfigDepositi!P15 -> TARGET | I5: =+Step_3_ConfigDepositi!Q15 -> Modified Following | ... M5: =+Step_3_ConfigDepositi!U15 -> 0
B6: Reference Date Bootstrap | C6: =+Step6_Bootstrap!F34 -> 42235
B7: Start Date Deposito | C7: =+C1+G5 -> 42235
B8: MaturityDateDeposito | C8: =_xll.qlCalendarAdvance(H5,C7,F5,I5,J5) -> 42256
B9: IC | C9: =+E5*C10*(C8-C7)/360 -> -0.00735 | Q9: qlCalendarAdvance
B10: Notional | C10: 100
B11: M(maturity) | C11: =+C9+C10 -> 99.99265 | Q11: vector<long> returnValue
B12: P(0) | C12: 100 | Q12: qlCalendarAdvance(
B13: tasso bootstrappato | C13: =-LN(C12/C11)*(1/C14) -> -0.0012600463 | Q13: string calendar
B14: time factor | C14: =+(C8-C6)/360 -> 0.058333333 | Q14: long StartDate
B15: discount factor | C15: =EXP(-C13*C14) -> 1.0000735 | Q15: vector<string> Period
B16: discount factor da funzione | C16: =+Step6_Bootstrap!I25 -> 1.0000735 | Q16: string BusinessDayConvention
B17: differenza | C17: =+C16-C15 -> 6.6613381e-15 | Q17: bool EndOfMonth
Q18: any Trigger)
Q20: Description:
Q22: advances a date according to a given calendar.
Q24: Supported Platforms:
Q26: Excel
Q28: Parameters
Q29: calendar | R29: ID of Enumeration of class QuantLib::Calendar
Q30: StartDate | R30: start date to be advanced.
Q31: Period | R31: period(s) to advance (e.g. 2D for two days , 3W for three weeks, 6M for six months, 1Y for one year).
Q32: BusinessDayConvention | R32: rolling convention. Default value = Following.
Q33: EndOfMonth | R33: flag to enforce end of month convention. Default value = false.
Q34: Trigger | R34: dependency tracking trigger

Sheet TestTassoSwap
A1: data di analisi | B1: =+Step6_Bootstrap!F34 -> 42235
A2: Funzione/Parametri | B2: Error | C2: ObjectId | D2: Rate | E2: Tenor | F2: Calendar | G2: FixedLegFrequency | H2: FixedLegConvention | I2: FixedLegDayCounter | J2: IborIndex | K2: Spread | L2: ForwardStart | M2: Settlement days swap
A3: 2Y#0003 | C3: 2Y | D3: -0.00123 | E3: 2Y | F3: Target | G3: Annual | H3: Modified Following | I3: Actual/360 | J3: EONIA!#0003 | K3: 0 | L3: 0D | M3: 2
A6: discount factor da funzione | B6: =+Step6_Bootstrap!I41 -> 1.0025093
A7: differenza | B7: =+B6-B16 -> 2.220446e-15
A11: CashFlowSwap
A12: DatePagamento | B12: cedola | C12: Nozionale | D12: df (da curva già calcolato) | E12: term | F12: qlCalendarAdvance | G12: da curva
A13: =+G13 -> 42601 | B13: =YEARFRAC($B$1,$A$13,2)*$D$3*100 -> -0.12505 | D13: =_xll.qlYieldTSDiscount(Step6_Bootstrap!$F$20,TestTassoSwap!A13) -> 1.0014254 | E13: 1Y | F13: =_xll.qlCalendarAdvance($F$3,$B$1,$E$13,$H$3) -> 42601 | G13: =+Step6_Bootstrap!H37 -> 42601
A14: =+G14 -> 42968 | B14: =YEARFRAC($A$13,$A$14,2)*$D$3*100 -> -0.12539167 | C14: 100 | D14: =_xll.qlYieldTSDiscount(Step6_Bootstrap!$F$20,TestTassoSwap!A14) -> 1.0025093 | E14: 1Y | F14: =_xll.qlCalendarAdvance($F$3,$A$13,$E$14,$H$3) -> 42968 | G14: =+Step6_Bootstrap!H41 -> 42968
A15: PV (FloatingLeg) | B15: 100
A16: discount factor analitico | B16: =(B15-B13*D13)/(C14+B14) -> 1.0025093 | D16: =+B16-D14 -> -2.220446e-15
B19: Object ID | C19: SwapRateHelper2 | D19: VanillaSwapRateHelper
A20: qlVanillaSwapFromSwapRateHelper | B20: OIS_2Y_CF | C20: =_xll.qlSwapRateHelper2(C110,C111,C112,C113,C114,C115,C116,C117,C118,C119) -> EONIA_2Y_S#0006 | D20: =_xll.qlVanillaSwapFromSwapRateHelper(B20,C20) -> OIS_2Y_CF#0003 | E20: =_xll.ohRangeRetrieveError(D20)
A22: string returnValue | B22: Leg | C22: 0
A23: qlVanillaSwapFromSwapRateHelper( | B23: {=_xll.qlSwapLegAnalysis(D20,C22)} -> Payment Date | C23: Amount | D23: Nominal | E23: Accrual Start Date | F23: Accrual End Date | G23: Accrual Days | H23: Index | I23: Fixing Days | J23: Fixing Dates | K23: Day Counter | L23: Accrual Period | M23: Effective Rate | N23: Floor | O23: Gearing | P23: Index Fixing | Q23: Conv. Adj. | R23: Spread | S23: Cap | T23: Call Digital Payoff | U23: Put Digital Payoff
A24: string ObjectId | B24: 42601 | C24: 0 | D24: 1 | E24: 42235 | F24: 42601 | G24: 366 | H24: #N/A | I24: #N/A | J24: #N/A | K24: Actual/360 | L24: 1.0166667 | M24: 0 | N24: #N/A | O24: #N/A | P24: #N/A | Q24: #N/A | R24: #N/A | S24: #N/A | T24: #N/A | U24: #N/A
A25: string SwapRateHelper | B25: 42968 | C25: 0 | D25: 1 | E25: 42601 | F25: 42968 | G25: 367 | H25: #N/A | I25: #N/A | J25: #N/A | K25: Actual/360 | L25: 1.0194444 | M25: 0 | N25: #N/A | O25: #N/A | P25: #N/A | Q25: #N/A | R25: #N/A | S25: #N/A | T25: #N/A | U25: #N/A
A26: bool Permanent | B26: Leg | C26: 1
A27: any Trigger | B27: {=_xll.qlSwapLegAnalysis(D20,C26)} -> Payment Date | C27: Amount | D27: Nominal | E27: Accrual Start Date | F27: Accrual End Date | G27: Accrual Days | H27: Index | I27: Fixing Days | J27: Fixing Dates | K27: Day Counter | L27: Accrual Period | M27: Effective Rate | N27: Floor | O27: Gearing | P27: Index Fixing | Q27: Conv. Adj. | R27: Spread | S27: Cap | T27: Call Digital Payoff | U27: Put Digital Payoff
A28: bool Overwrite) | B28: 42236 | C28: #N/A | D28: 1 | E28: 42235 | F28: 42236 | G28: 1 | H28: EoniaON Actual/360 | I28: 0 | J28: 42235 | K28: Actual/360 | L28: 0.0027777778 | M28: #N/A | N28: #N/A | O28: 1 | P28: #N/A | Q28: #N/A | R28: 0 | S28: #N/A | T28: #N/A | U28: #N/A
B29: 42237 | C29: #N/A | D29: 1 | E29: 42236 | F29: 42237 | G29: 1 | H29: EoniaON Actual/360 | I29: 0 | J29: 42236 | K29: Actual/360 | L29: 0.0027777778 | M29: #N/A | N29: #N/A | O29: 1 | P29: #N/A | Q29: #N/A | R29: 0 | S29: #N/A | T29: #N/A | U29: #N/A
A30: Description:
A32: Construct an object of class VanillaSwap and return its id
A34: Supported Platforms:
A36: C++, Excel
A38: Parameters
A39: ObjectId | B39: id of object to be created
A40: SwapRateHelper | B40: SwapRateHelper object ID.
A41: Permanent | B41: object permanent/nonpermanent
A42: Trigger | B42: dependency tracking trigger
A43: Overwrite | B43: overwrite flag
A47: qlSwapRateHelper
A49: string returnValue
A50: qlSwapRateHelper(
A51: string ObjectId
A52: string Rate
A53: string SwapIndex
A54: string Spread
A55: string ForwardStart
A56: string DiscountingCurve
A57: bool Permanent
A58: any Trigger
A59: bool Overwrite)
... A69: Parameters
A70: ObjectId | B70: id of object to be created | C70: 2Y_EONIA_S
A71: Rate | B71: quote. | C71: =+Step_4_ConfigSwap!N32 -> -0.00123
A72: SwapIndex | B72: SwapIndex object ID. | C72: =+Step_1_CreareIndice_EONIA!C1 -> EONIA!#0014
A73: Spread | B73: floating leg spread. | C73: 0
A74: ForwardStart | B74: forward start period. | C74: 0D
A75: DiscountingCurve | B75: discounting YieldTermStructure object ID. Default value = .
A76: Permanent | B76: object permanent/nonpermanent
A77: Trigger | B77: dependency tracking trigger
A78: Overwrite | B78: overwrite flag
A82: qlSwapRateHelper2
A84: string returnValue
A85: qlSwapRateHelper2(
A86: string ObjectId
A87: string Rate
A88: string Tenor
A89: string Calendar
A90: string FixedLegFrequency
A91: string FixedLegConvention
A92: string FixedLegDayCounter
A93: string IborIndex
A94: string Spread
... A109: Parameters
A110: ObjectId | B110: id of object to be created | C110: EONIA_2Y_S
A111: Rate | B111: quote. | C111: =+Step_4_ConfigSwap!N32 -> -0.00123
A112: Tenor | B112: swap length (e.g. 5Y for five years). | C112: 2Y
A113: Calendar | B113: holiday calendar (e.g. TARGET). | C113: TARGET
A114: FixedLegFrequency | B114: fixed leg frequency (e.g. Annual, Semiannual, Every4Month, Quarterly, Bimonthly, Monthly). | C114: Annual
A115: FixedLegConvention | B115: fixed leg convention (e.g. Unadjusted). | C115: Modified Following
A116: FixedLegDayCounter | B116: day counter (e.g. Actual/360). | C116: Actual/360
A117: IborIndex | B117: floating leg IborIndex object ID. | C117: =+Step_1_CreareIndice_EONIA!C1 -> EONIA!#0014
A118: Spread | B118: floating leg spread. | C118: 0
A119: ForwardStart | B119: forward start period. | C119: 2D
A120: DiscountingCurve | B120: discounting YieldTermStructure object ID. Default value = .
A121: Permanent | B121: object permanent/nonpermanent
A122: Trigger | B122: dependency tracking trigger
A123: Overwrite | B123: overwrite flag
A128: qlSwapLegAnalysis
A130: vector<vector<any> > returnValue
A131: qlSwapLegAnalysis(
A132: string ObjectId
A133: long LegNumber
A134: long AfterDate
A135: any Trigger)
A137: Description:
A139: Returns the cash flow analysis of the i-th leg for the given Swap object.
A141: Supported Platforms:
A143: Excel
A145: Parameters
A146: ObjectId | B146: id of existing QuantLibAddin::Swap object
A147: LegNumber | B147: Zero based leg number (e.g. use 0 for the first leg, 1 for the second leg, etc.).
A148: AfterDate | B148: Shows only cashflows after given date Default value = QuantLib::Date().
A149: Trigger | B149: dependency tracking trigger
